Workbook

Sheet Cta Contable
A1: CUENTA | B1: TIPO | C1: DESCRIPCION DE LA CUENTA | D1: CLASIFICACIÓN | E1: CALIFICACIÓN
A2: 140000 | B2: SIN LIBRANZA | C2: CARTERA DE CRDITOS
A3: 140400 | B3: LIBRANZA | C3: CREDITOS DE VIVIENDA - CON LIBRANZA | D3: Vivienda | E3: -
A4: 140405 | B4: LIBRANZA | C4: CATEGORIA A RIESGO NORMAL | D4: Vivienda | E4: A
A5: 140410 | B5: LIBRANZA | C5: CATEGORIA B RIESGO ACEPTABLE | D5: Vivienda | E5: B
A6: 140415 | B6: LIBRANZA | C6: CATEGORIA C RIESGO APRECIABLE | D6: Vivienda | E6: C
A7: 140420 | B7: LIBRANZA | C7: CATEGORIA D RIESGO SIGNIFICATIVO | D7: Vivienda | E7: D
A8: 140425 | B8: LIBRANZA | C8: CATEGORIA E RIESGO DE INCOBRABILIDAD | D8: Vivienda | E8: E
A9: 140500 | B9: SIN LIBRANZA | C9: CREDITOS DE VIVIENDA - SIN LIBRANZA | D9: Vivienda | E9: -
A10: 140505 | B10: SIN LIBRANZA | C10: CATEGORIA A RIESGO NORMAL | D10: Vivienda | E10: =E4 -> A
A11: 140510 | B11: SIN LIBRANZA | C11: CATEGORIA B RIESGO ACEPTABLE | D11: Vivienda | E11: =E5 -> B
A12: 140515 | B12: SIN LIBRANZA | C12: CATEGORIA C RIESGO APRECIABLE | D12: Vivienda | E12: =E6 -> C
A13: 140520 | B13: SIN LIBRANZA | C13: CATEGORIA D RIESGO SIGNIFICATIVO | D13: Vivienda | E13: =E7 -> D
A14: 140525 | B14: SIN LIBRANZA | C14: CATEGORIA E RIESGO DE INCOBRABILIDAD | D14: Vivienda | E14: =E8 -> E
A15: 140600 | B15: SIN LIBRANZA | C15: INTERESES CREDITOS DE VIVIENDA | D15: Vivienda | E15: =E9 -> -
A16: 140605 | B16: SIN LIBRANZA | C16: CATEGORIA A RIESGO NORMAL | D16: Vivienda | E16: =E10 -> A
A17: 140610 | B17: SIN LIBRANZA | C17: CATEGORIA B RIESGO ACEPTABLE | D17: Vivienda | E17: =E11 -> B
A18: 140615 | B18: SIN LIBRANZA | C18: CATEGORIA C RIESGO APRECIABLE | D18: Vivienda | E18: =E12 -> C
A19: 140620 | B19: SIN LIBRANZA | C19: CATEGORIA D RIESGO SIGNIFICATIVO | D19: Vivienda | E19: =E13 -> D
A20: 140625 | B20: SIN LIBRANZA | C20: CATEGORIA E RIESGO DE INCOBRABILIDAD | D20: Vivienda | E20: =E14 -> E
A21: 140700 | B21: SIN LIBRANZA | C21: PAGOS POR CUENTA DE ASOCIADOS - CRDITOS VIVIENDA | D21: Vivienda | E21: =E15 -> -
... A81: 144500 | B81: SIN LIBRANZA | C81: DETERIORO CRDITOS DE CONSUMO (CR) | D81: Consumo | E81: =E75 -> -
A82: 144505 | B82: SIN LIBRANZA | C82: CATEGORIA A RIESGO NORMAL GARANTIA ADMISIBLE | D82: Consumo | E82: A
A83: 144510 | B83: SIN LIBRANZA | C83: CATEGORIA A RIESGO NORMAL OTRAS GARANTIAS | D83: Consumo | E83: A
A84: 144515 | B84: SIN LIBRANZA | C84: CATEGORIA B RIESGO ACEPTABLE GARANTIA ADMISIBLE | D84: Consumo | E84: B
A85: 144520 | B85: SIN LIBRANZA | C85: CATEGORIA B RIESGO ACEPTABLE OTRAS GARANTIAS | D85: Consumo | E85: B
A86: 144525 | B86: SIN LIBRANZA | C86: CATEGORIA C RIESGO APRECIABLE GARANTIA ADMISIBLE | D86: Consumo | E86: C
A87: 144530 | B87: SIN LIBRANZA | C87: CATEGORIA C RIESGO APRECIABLE OTRAS GARANTIAS | D87: Consumo | E87: C
A88: 144535 | B88: SIN LIBRANZA | C88: CATEGORIA D RIESGO SIGNIFICATIVO GARANTIA ADMISIBLE | D88: Consumo | E88: D
A89: 144540 | B89: SIN LIBRANZA | C89: CATEGORIA D RIESGO SIGNIFICATIVO OTRAS GARANTIAS | D89: Consumo | E89: D
A90: 144545 | B90: SIN LIBRANZA | C90: CATEGORIA E RIESGO DE INCOBRABILIDAD GARANTIA ADMISIBLE | D90: Consumo | E90: E
A91: 144550 | B91: SIN LIBRANZA | C91: CATEGORIA E RIESGO DE INCOBRABILIDAD OTRAS GARANTIAS | D91: Consumo | E91: E
A92: 144600 | B92: SIN LIBRANZA | C92: DETERIORO INTERESES CREDITOS DE CONSUMO (CR) | D92: Consumo | E92: -
A93: 144605 | B93: SIN LIBRANZA | C93: CATEGORIA A RIESGO NORMAL | D93: Consumo | E93: A
... A97: 144625 | B97: SIN LIBRANZA | C97: CATEGORIA E RIESGO DE INCOBRABILIDAD | D97: Consumo | E97: E
A98: 144700 | B98: SIN LIBRANZA | C98: DETERIORO PAGO POR CUENTA DE ASOCIADOS - CREDITOS DE CONSUMO (CR) | D98: Consumo | E98: =E92 -> -
A99: 144705 | B99: SIN LIBRANZA | C99: CATEGORIA A RIESGO NORMAL | D99: Consumo | E99: =E93 -> A
A100: 144710 | B100: SIN LIBRANZA | C100: CATEGORIA B RIESGO ACEPTABLE | D100: Consumo | E100: =E94 -> B
A101: 144715 | B101: SIN LIBRANZA | C101: CATEGORIA C RIESGO APRECIABLE | D101: Consumo | E101: =E95 -> C
A102: 144720 | B102: SIN LIBRANZA | C102: CATEGORIA D RIESGO SIGNIFICATIVO | D102: Consumo | E102: =E96 -> D
A103: 144725 | B103: SIN LIBRANZA | C103: CATEGORIA E RIESGO DE INCOBRABILIDAD | D103: Consumo | E103: =E97 -> E
A104: 144800 | B104: SIN LIBRANZA | C104: MICROCREDITO INMOBILIARIO | D104: Microcredito | E104: =E98 -> -
A105: 144805 | B105: SIN LIBRANZA | C105: CATEGORIA A RIESGO NORMAL | D105: Microcredito | E105: =E99 -> A
A106: 144810 | B106: SIN LIBRANZA | C106: CATEGORIA B RIESGO ACEPTABLE | D106: Microcredito | E106: =E100 -> B
A107: 144815 | B107: SIN LIBRANZA | C107: CATEGORIA C RIESGO APRECIABLE | D107: Microcredito | E107: =E101 -> C
A108: 144820 | B108: SIN LIBRANZA | C108: CATEGORIA D RIESGO SIGNIFICATIVO | D108: Microcredito | E108: =E102 -> D
A109: 144825 | B109: SIN LIBRANZA | C109: CATEGORIA E RIESGO DE INCOBRABILIDAD | D109: Microcredito | E109: =E103 -> E
... A165: 145805 | B165: SIN LIBRANZA | C165: CATEGORIA A RIESGO NORMAL GARANTIA ADMISIBLE | D165: Microcredito | E165: =E159 -> A
A166: 145810 | B166: SIN LIBRANZA | C166: CATEGORIA A RIESGO NORMAL OTRAS GARANTIAS | D166: Microcredito | E166: A
A167: 145815 | B167: SIN LIBRANZA | C167: CATEGORIA B RIESGO ACEPTABLE GARANTIA ADMISIBLE | D167: Microcredito | E167: B
A168: 145820 | B168: SIN LIBRANZA | C168: CATEGORIA B RIESGO ACEPTABLE OTRAS GARANTIAS | D168: Microcredito | E168: B
A169: 145825 | B169: SIN LIBRANZA | C169: CATEGORIA C RIESGO APRECIABLE GARANTIA ADMISIBLE | D169: Microcredito | E169: C
A170: 145830 | B170: SIN LIBRANZA | C170: CATEGORIA C RIESGO APRECIABLE OTRAS GARANTIAS | D170: Microcredito | E170: C
A171: 145835 | B171: SIN LIBRANZA | C171: CATEGORIA D RIESGO SIGNIFICATIVO GARANTIA ADMISIBLE | D171: Microcredito | E171: D
A172: 145840 | B172: SIN LIBRANZA | C172: CATEGORIA D RIESGO SIGNIFICATIVO OTRAS GARANTIAS | D172: Microcredito | E172: D
A173: 145845 | B173: SIN LIBRANZA | C173: CATEGORIA E RIESGO DE INCOBRABILIDAD GARANTIA ADMISIBLE | D173: Microcredito | E173: E
A174: 145850 | B174: SIN LIBRANZA | C174: CATEGORIA E RIESGO DE INCOBRABILIDAD OTRAS GARANTIAS | D174: Microcredito | E174: E
A175: 145900 | B175: SIN LIBRANZA | C175: DETERIORO INTERESES MICROCREDITO EMPRESARIAL (CR) | D175: Microcredito | E175: -
A176: 145905 | B176: SIN LIBRANZA | C176: CATEGORIA A RIESGO NORMAL | D176: Microcredito | E176: A
A177: 145910 | B177: SIN LIBRANZA | C177: CATEGORIA B RIESGO ACEPTABLE | D177: Microcredito | E177: B
... A180: 145925 | B180: SIN LIBRANZA | C180: CATEGORIA E RIESGO DE INCOBRABILIDAD | D180: Microcredito | E180: E
A181: 146000 | B181: SIN LIBRANZA | C181: DETERIORO PAGOS POR CUENTA DE ASOCIADOS - MICROCREDITO EMPRESARIAL (CR) | D181: Microcredito | E181: =E175 -> -
A182: 146005 | B182: SIN LIBRANZA | C182: CATEGORIA A RIESGO NORMAL | D182: Microcredito | E182: =E176 -> A
A183: 146010 | B183: SIN LIBRANZA | C183: CATEGORIA B RIESGO ACEPTABLE | D183: Microcredito | E183: =E177 -> B
A184: 146015 | B184: SIN LIBRANZA | C184: CATEGORIA C RIESGO APRECIABLE | D184: Microcredito | E184: =E178 -> C
A185: 146020 | B185: SIN LIBRANZA | C185: CATEGORIA D RIESGO SIGNIFICATIVO | D185: Microcredito | E185: =E179 -> D
A186: 146025 | B186: SIN LIBRANZA | C186: CATEGORIA E RIESGO DE INCOBRABILIDAD | D186: Microcredito | E186: =E180 -> E
A187: 146100 | B187: SIN LIBRANZA | C187: CREDITOS COMERCIALES - GARANTIA ADMISIBLE | D187: Comercial | E187: =E181 -> -
A188: 146105 | B188: SIN LIBRANZA | C188: CATEGORIA A RIESGO NORMAL | D188: Comercial | E188: =E182 -> A
A189: 146110 | B189: SIN LIBRANZA | C189: CATEGORIA B RIESGO ACEPTABLE | D189: Comercial | E189: =E183 -> B
A190: 146115 | B190: SIN LIBRANZA | C190: CATEGORIA C RIESGO APRECIABLE | D190: Comercial | E190: =E184 -> C
A191: 146120 | B191: SIN LIBRANZA | C191: CATEGORIA D RIESGO SIGNIFICATIVO | D191: Comercial | E191: =E185 -> D
A192: 146125 | B192: SIN LIBRANZA | C192: CATEGORIA E RIESGO DE INCOBRABILIDAD | D192: Comercial | E192: =E186 -> E
... A211: 146500 | B211: SIN LIBRANZA | C211: DETERIORO CRDITOS COMERCIALES (CR) | D211: Comercial | E211: =E205 -> -
A212: 146505 | B212: SIN LIBRANZA | C212: CATEGORIA A RIESGO NORMAL GARANTIA ADMISIBLE | D212: Comercial | E212: A
A213: 146510 | B213: SIN LIBRANZA | C213: CATEGORIA A RIESGO NORMAL OTRAS GARANTIAS | D213: Comercial | E213: A
A214: 146515 | B214: SIN LIBRANZA | C214: CATEGORIA B RIESGO ACEPTABLE GARANTIA ADMISIBLE | D214: Comercial | E214: B
A215: 146520 | B215: SIN LIBRANZA | C215: CATEGORIA B RIESGO ACEPTABLE OTRAS GARANTIAS | D215: Comercial | E215: B
A216: 146525 | B216: SIN LIBRANZA | C216: CATEGORIA C RIESGO APRECIABLE GARANTIA ADMISIBLE | D216: Comercial | E216: C
A217: 146530 | B217: SIN LIBRANZA | C217: CATEGORIA C RIESGO APRECIABLE OTRAS GARANTIAS | D217: Comercial | E217: C
A218: 146535 | B218: SIN LIBRANZA | C218: CATEGORIA D RIESGO SIGNIFICATIVO GARANTIA ADMISIBLE | D218: Comercial | E218: D
A219: 146540 | B219: SIN LIBRANZA | C219: CATEGORIA D RIESGO SIGNIFICATIVO OTRAS GARANTIAS | D219: Comercial | E219: D
A220: 146545 | B220: SIN LIBRANZA | C220: CATEGORIA E RIESGO DE INCOBRABILIDAD GARANTIA ADMISIBLE | D220: Comercial | E220: E
A221: 146550 | B221: SIN LIBRANZA | C221: CATEGORIA E RIESGO DE INCOBRABILIDAD OTRAS GARANTIAS | D221: Comercial | E221: E
A222: 146600 | B222: SIN LIBRANZA | C222: DETERIORO INTERESES CRDITOS COMERCIALES (CR) | D222: Comercial | E222: -
A223: 146605 | B223: SIN LIBRANZA | C223: CATEGORIA A RIESGO NORMAL | D223: Comercial | E223: A
... A227: 146625 | B227: SIN LIBRANZA | C227: CATEGORIA E RIESGO DE INCOBRABILIDAD | D227: Comercial | E227: E
A228: 146700 | B228: SIN LIBRANZA | C228: DETERIORO PAGOS POR CUENTA DE ASOCIADOS - CRDITOS COMERCIALES (CR) | D228: Comercial | E228: =E222 -> -
A229: 146705 | B229: SIN LIBRANZA | C229: CATEGORIA A RIESGO NORMAL | D229: Comercial | E229: =E223 -> A
A230: 146710 | B230: SIN LIBRANZA | C230: CATEGORIA B RIESGO ACEPTABLE | D230: Comercial | E230: =E224 -> B
A231: 146715 | B231: SIN LIBRANZA | C231: CATEGORIA C RIESGO APRECIABLE | D231: Comercial | E231: =E225 -> C
A232: 146720 | B232: SIN LIBRANZA | C232: CATEGORIA D RIESGO SIGNIFICATIVO | D232: Comercial | E232: =E226 -> D
A233: 146725 | B233: SIN LIBRANZA | C233: CATEGORIA E RIESGO DE INCOBRABILIDAD | D233: Comercial | E233: =E227 -> E
A234: 146800 | B234: SIN LIBRANZA | C234: DETERIORO GENERAL DE CARTERA DE CRDITOS (CR)
A235: 146900 | B235: SIN LIBRANZA | C235: CRÉDITOS A EMPLEADOS
A236: 146905 | B236: SIN LIBRANZA | C236: CATEGORIA A RIESGO NORMAL, VIVIENDA
A237: 146910 | B237: SIN LIBRANZA | C237: CATEGORIA B RIESGO ACEPTABLE, VIVIENDA
A238: 146915 | B238: SIN LIBRANZA | C238: CATEGORIA C RIESGO APRECIABLE, VIVIENDA
A239: 146920 | B239: SIN LIBRANZA | C239: CATEGORIA D RIESGO SIGNIFICATIVO, VIVIENDA
A240: 146925 | B240: SIN LIBRANZA | C240: CATEGORIA E RIESGO DE INCOBRABILIDAD, VIVIENDA
...

Sheet T. Dinamica
A3: Etiquetas de fila | B3: No Créditos | C3: % No Créditos | D3: Vr Cartera | E3: % Vr Cartera
A4: 1- 2.500.000 | B4: 290 | C4: 0.38208169 | D4: 311006837 | E4: 0.063415796
A5: 2.500.001 - 5.000.000 | B5: 190 | C5: 0.25032938 | D5: 717473792 | E5: 0.14629637
A6: 5.000.001 - 10.000.000 | B6: 141 | C6: 0.18577075 | D6: 1003674845 | E6: 0.20465415
A7: 10.000.001 - 15.000.000 | B7: 57 | C7: 0.075098814 | D7: 7.1580901e+08 | E7: 0.14595691
A8: 15.000.001 - 20.000.000 | B8: 41 | C8: 0.054018445 | D8: 724300246 | E8: 0.14768832
A9: 20.000.001 - 63.000.000 | B9: 36 | C9: 0.04743083 | D9: 1032564927 | E9: 0.21054497
A10: > 63.000.000 | B10: 4 | C10: 0.0052700922 | D10: 399419108 | E10: 0.081443484
A11: Total general | B11: 759 | C11: 1 | D11: 4.9042488e+09 | E11: 1
A15: Vr Cartera | B15: Etiquetas de columna
A16: Etiquetas de fila | B16: Al día | C16: Mora | D16: Total general | E16: Mora
A17: 1- 2.500.000 | B17: 288248200 | C17: 22758637 | D17: 311006837 | E17: =C17/$D$24 -> 0.004640596
A18: 2.500.001 - 5.000.000 | B18: 689878621 | C18: 27595171 | D18: 717473792 | E18: =C18/$D$24 -> 0.0056267886
A19: 5.000.001 - 10.000.000 | B19: 977529517 | C19: 26145328 | D19: 1003674845 | E19: =C19/$D$24 -> 0.0053311586
A20: 10.000.001 - 15.000.000 | B20: 7.0436758e+08 | C20: 11441423 | D20: 7.1580901e+08 | E20: =C20/$D$24 -> 0.0023329614
A21: 15.000.001 - 20.000.000 | B21: 706060633 | C21: 18239613 | D21: 724300246 | E21: =C21/$D$24 -> 0.0037191452
A22: 20.000.001 - 63.000.000 | B22: 911112920 | C22: 121452007 | D22: 1032564927 | E22: =C22/$D$24 -> 0.024764651
A23: > 63.000.000 | B23: 284248666 | C23: 115170442 | D23: 399419108 | E23: =C23/$D$24 -> 0.023483809
A24: Total general | B24: 4.5614461e+09 | C24: 342802621 | D24: 4.9042488e+09 | E24: =C24/$D$24 -> 0.069899109
A28: Reest | B28: Reestructurado
A30: Calif / No Créditos | B30: No Cr Reestructurados | C30: Vr Cartera
A31: A | B31: 12 | C31: 128980064
A32: C | B32: 1 | C32: 1331529
A33: D | B33: 4 | C33: 62418012
A34: E | B34: 1 | C34: 115170442
A35: Total general | B35: 18 | C35: 307900047
E39: =51-39 -> 12

Sheet Cartera
BF1: =VLOOKUP(C1,'Cta Contable'!A:E,5,FALSE) -> #N/A | BG1: =VLOOKUP(C1,'Cta Contable'!A:D,4,FALSE) -> #N/A | BH1: =VLOOKUP(Q1,Lista!A:B,2,TRUE) -> #N/A | BI1: =IF(BF1<>"A","Mora","Al día") -> #N/A | BJ1: =IF(AND(AO1<>"",AP1<>"A"),"Reestructurado","-") -> -
A2: TipoIden | B2: NIT | C2: CodigoContable | D2: ModificacionesAlCredito | E2: NroCredito | F2: FechaDesembolsoInicial | G2: FechaVencimiento | H2: Morosidad | I2: TipoCuota | J2: AlturaCuota | K2: Amortizacion | L2: Modalidad | M2: TasaIntereNominal | N2: TasaInteresEfectiva | O2: ValorPrestamo | P2: ValorCuotaFija | Q2: SaldoCapital | R2: SaldoIntereses | S2: OtrosSaldos | T2: Garantia | U2: FechaAvaluo | V2: Provision | W2: ProvisionInteres | X2: Contingencia | Y2: ValosCuotasExtra | Z2: MesesCuotaExtra | AA2: fechaultimopago | AB2: clasegarantia | AC2: destinocredito | AD2: CodOficina | AE2: AmortiCapital | AF2: ValorMora | AG2: TipoVivienda | AH2: VIS | AI2: RangoTipo | AJ2: EntidadRedescuento | AK2: MargenRedescuento | AL2: Subsidio | AM2: Desembolso | AN2: Moneda | AO2: FechaReestructuracion | AP2: CategoriaReestr | AQ2: AportesSociales | AR2: LineaCredEntidad | AS2: NumModificaciones | AT2: Estadocredito | AU2: NITPatronal | AV2: NombrePatronal | AW2: MODCREDCE1120 | AX2: TIPOMODCE1120 | AY2: FECHAMODCE1120 | AZ2: CALIFANTEMODCE1120 | BA2: PERIOGRACIA | BB2: TARJCREDCUPROT | BC2: ENTOTORGARANT | BD2: MODCREDCE1720 | BE2: FECHA | BF2: Calificación | BG2: Clasif | BH2: R. Saldos | BI2: Mora | BJ2: Reest
A3: C | B3: * | C3: 144205 | D3: 4 | E3: 19593 | F3: 43798 | G3: 44757 | H3: 0 | I3: 1 | J3: 15 | K3: 30 | L3: 2 | M3: 20.88 | N3: 22.998779 | O3: 5000000 | P3: 210048 | Q3: 2905531 | R3: 25275 | S3: 0 | T3: 0 | V3: 0 | W3: 0 | X3: 0 | AA3: 44270 | AB3: 1 | AC3: O | AD3: 1 | AE3: 30 | AF3: 0 | AM3: 1 | AN3: 1 | AQ3: 958000 | AR3: LINEA CONSUMO | AS3: 0 | AT3: 0 | AW3: 5 | BB3: 1 | BC3: 7 | BD3: 2 | BE3: 44286 | BF3: =VLOOKUP(C3,'Cta Contable'!A:E,5,FALSE) -> A | BG3: =VLOOKUP(C3,'Cta Contable'!A:D,4,FALSE) -> Consumo | BH3: =VLOOKUP(Q3,Lista!A:B,2,TRUE) -> 2.500.001 - 5.000.000 | BI3: =IF(BF3<>"A","Mora","Al día") -> Al día | BJ3: =IF(AND(AO3<>"",AP3<>"A"),"Reestructurado","-") -> -
A4: C | B4: * | C4: 144205 | D4: 4 | E4: 17983 | F4: 44013 | G4: 44509 | H4: 21 | I4: 1 | J4: 7 | K4: 30 | L4: 2 | M4: 20.92 | N4: 23.047146 | O4: 2985655 | P4: 215448 | Q4: 1605028 | R4: 19503 | S4: 0 | T4: 0 | V4: 0 | W4: 0 | X4: 0 | AA4: 44279 | AB4: 1 | AC4: O | AD4: 1 | AE4: 30 | AF4: 9163 | AM4: 1 | AN4: 1 | AQ4: 303000 | AR4: LINEA CONSUMO | AS4: 0 | AT4: 0 | AW4: 1 | AX4: 2 | AY4: 44013 | AZ4: A | BB4: 1 | BC4: 7 | BD4: 2 | BE4: 44286 | BF4: =VLOOKUP(C4,'Cta Contable'!A:E,5,FALSE) -> A | BG4: =VLOOKUP(C4,'Cta Contable'!A:D,4,FALSE) -> Consumo | BH4: =VLOOKUP(Q4,Lista!A:B,2,TRUE) -> 1- 2.500.000 | BI4: =IF(BF4<>"A","Mora","Al día") -> Al día | BJ4: =IF(AND(AO4<>"",AP4<>"A"),"Reestructurado","-") -> -
A5: C | B5: * | C5: 144205 | D5: 4 | E5: 20217 | F5: 43994 | G5: 44910 | H5: 0 | I5: 1 | J5: 11 | K5: 30 | L5: 2 | M5: 23.42 | N5: 26.104899 | O5: 5000000 | P5: 221769 | Q5: 3389668 | R5: 33075 | S5: 0 | T5: 0 | V5: 0 | W5: 0 | X5: 0 | AA5: 44270 | AB5: 1 | AC5: O | AD5: 1 | AE5: 30 | AF5: 0 | AM5: 1 | AN5: 1 | AQ5: 1591000 | AR5: LINEA CONSUMO | AS5: 0 | AT5: 0 | AW5: 5 | BB5: 1 | BC5: 7 | BD5: 2 | BE5: 44286 | BF5: =VLOOKUP(C5,'Cta Contable'!A:E,5,FALSE) -> A | BG5: =VLOOKUP(C5,'Cta Contable'!A:D,4,FALSE) -> Consumo | BH5: =VLOOKUP(Q5,Lista!A:B,2,TRUE) -> 2.500.001 - 5.000.000 | BI5: =IF(BF5<>"A","Mora","Al día") -> Al día | BJ5: =IF(AND(AO5<>"",AP5<>"A"),"Reestructurado","-") -> -
A6: C | B6: * | C6: 144205 | D6: 4 | E6: 19640 | F6: 44013 | G6: 44842 | H6: 0 | I6: 1 | J6: 8 | K6: 30 | L6: 2 | M6: 20.95 | N6: 23.083432 | O6: 4473720 | P6: 209218 | Q6: 3356715 | R6: 42966 | S6: 0 | T6: 0 | V6: 0 | W6: 0 | X6: 0 | AA6: 44263 | AB6: 1 | AC6: O | AD6: 1 | AE6: 30 | AF6: 0 | AM6: 1 | AN6: 1 | AQ6: 1383000 | AR6: LINEA CONSUMO | AS6: 0 | AT6: 0 | AW6: 1 | AX6: 2 | AY6: 44013 | AZ6: A | BB6: 1 | BC6: 7 | BD6: 2 | BE6: 44286 | BF6: =VLOOKUP(C6,'Cta Contable'!A:E,5,FALSE) -> A | BG6: =VLOOKUP(C6,'Cta Contable'!A:D,4,FALSE) -> Consumo | BH6: =VLOOKUP(Q6,Lista!A:B,2,TRUE) -> 2.500.001 - 5.000.000 | BI6: =IF(BF6<>"A","Mora","Al día") -> Al día | BJ6: =IF(AND(AO6<>"",AP6<>"A"),"Reestructurado","-") -> -
A7: C | B7: * | C7: 144205 | D7: 4 | E7: 20565 | F7: 44083 | G7: 45325 | H7: 0 | I7: 1 | J7: 7 | K7: 30 | L7: 2 | M7: 19.32 | N7: 21.126011 | O7: 5000000 | P7: 170510 | Q7: 4241384 | R7: 0 | S7: 0 | T7: 0 | V7: 0 | W7: 0 | X7: 0 | AA7: 44286 | AB7: 1 | AC7: O | AD7: 1 | AE7: 30 | AF7: 0 | AM7: 1 | AN7: 1 | AQ7: 1606500 | AR7: LINEA CONSUMO | AS7: 0 | AT7: 0 | AW7: 5 | BB7: 1 | BC7: 7 | BD7: 2 | BE7: 44286 | BF7: =VLOOKUP(C7,'Cta Contable'!A:E,5,FALSE) -> A | BG7: =VLOOKUP(C7,'Cta Contable'!A:D,4,FALSE) -> Consumo | BH7: =VLOOKUP(Q7,Lista!A:B,2,TRUE) -> 2.500.001 - 5.000.000 | BI7: =IF(BF7<>"A","Mora","Al día") -> Al día | BJ7: =IF(AND(AO7<>"",AP7<>"A"),"Reestructurado","-") -> -
A8: C | B8: * | C8: 144205 | D8: 4 | E8: 18214 | F8: 44013 | G8: 44848 | H8: 0 | I8: 1 | J8: 8 | K8: 30 | L8: 2 | M8: 23.43 | N8: 26.117269 | O8: 7593026 | P8: 364508 | Q8: 5740035 | R8: 58333 | S8: 0 | T8: 0 | V8: 0 | W8: 0 | X8: 0 | AA8: 44284 | AB8: 1 | AC8: O | AD8: 1 | AE8: 30 | AF8: 0 | AM8: 1 | AN8: 1 | AQ8: 1103000 | AR8: LINEA CONSUMO | AS8: 0 | AT8: 0 | AW8: 1 | AX8: 2 | AY8: 44013 | AZ8: A | BB8: 1 | BC8: 7 | BD8: 2 | BE8: 44286 | BF8: =VLOOKUP(C8,'Cta Contable'!A:E,5,FALSE) -> A | BG8: =VLOOKUP(C8,'Cta Contable'!A:D,4,FALSE) -> Consumo | BH8: =VLOOKUP(Q8,Lista!A:B,2,TRUE) -> 5.000.001 - 10.000.000 | BI8: =IF(BF8<>"A","Mora","Al día") -> Al día | BJ8: =IF(AND(AO8<>"",AP8<>"A"),"Reestructurado","-") -> -
A9: C | B9: * | C9: 144205 | D9: 4 | E9: 19146 | F9: 43704 | G9: 44819 | H9: 0 | I9: 1 | J9: 18 | K9: 30 | L9: 2 | M9: 17.41 | N9: 18.868676 | O9: 29900000 | P9: 1072128 | Q9: 16798707 | R9: 170604 | S9: 0 | T9: 0 | V9: 0 | W9: 0 | X9: 0 | AA9: 44264 | AB9: 1 | AC9: O | AD9: 1 | AE9: 30 | AF9: 0 | AM9: 1 | AN9: 1 | AQ9: 2572900 | AR9: LINEA CONSUMO | AS9: 0 | AT9: 0 | AW9: 5 | BB9: 1 | BC9: 7 | BD9: 2 | BE9: 44286 | BF9: =VLOOKUP(C9,'Cta Contable'!A:E,5,FALSE) -> A | BG9: =VLOOKUP(C9,'Cta Contable'!A:D,4,FALSE) -> Consumo | BH9: =VLOOKUP(Q9,Lista!A:B,2,TRUE) -> 15.000.001 - 20.000.000 | BI9: =IF(BF9<>"A","Mora","Al día") -> Al día | BJ9: =IF(AND(AO9<>"",AP9<>"A"),"Reestructurado","-") -> -
A10: C | B10: * | C10: 144205 | D10: 4 | E10: 18262 | F10: 44013 | G10: 44537 | H10: 0 | I10: 1 | J10: 8 | K10: 30 | L10: 2 | M10: 21.03 | N10: 23.180244 | O10: 3289201 | P10: 225411 | Q10: 1861784 | R10: 25024 | S10: 0 | T10: 0 | V10: 0 | W10: 0 | X10: 0 | AA10: 44275 | AB10: 1 | AC10: O | AD10: 1 | AE10: 30 | AF10: 0 | AM10: 1 | AN10: 1 | AQ10: 1204000 | AR10: LINEA CONSUMO | AS10: 0 | AT10: 0 | AW10: 1 | AX10: 2 | AY10: 44013 | AZ10: A | BB10: 1 | BC10: 7 | BD10: 2 | BE10: 44286 | BF10: =VLOOKUP(C10,'Cta Contable'!A:E,5,FALSE) -> A | BG10: =VLOOKUP(C10,'Cta Contable'!A:D,4,FALSE) -> Consumo | BH10: =VLOOKUP(Q10,Lista!A:B,2,TRUE) -> 1- 2.500.000 | BI10: =IF(BF10<>"A","Mora","Al día") -> Al día | BJ10: =IF(AND(AO10<>"",AP10<>"A"),"Reestructurado","-") -> -
A11: C | B11: * | C11: 144205 | D11: 4 | E11: 15208 | F11: 42893 | G11: 44537 | H11: 23 | I11: 1 | J11: 44 | K11: 30 | L11: 2 | M11: 21.600001 | N11: 23.872054 | O11: 29900000 | P11: 870325 | Q11: 7900205 | R11: 238444 | S11: 0 | T11: 0 | V11: 0 | W11: 0 | X11: 0 | AA11: 44285 | AB11: 1 | AC11: O | AD11: 1 | AE11: 30 | AF11: 728115 | AM11: 1 | AN11: 1 | AQ11: 3036856 | AR11: LINEA CONSUMO | AS11: 0 | AT11: 0 | AW11: 5 | BB11: 1 | BC11: 7 | BD11: 2 | BE11: 44286 | BF11: =VLOOKUP(C11,'Cta Contable'!A:E,5,FALSE) -> A | BG11: =VLOOKUP(C11,'Cta Contable'!A:D,4,FALSE) -> Consumo | BH11: =VLOOKUP(Q11,Lista!A:B,2,TRUE) -> 5.000.001 - 10.000.000 | BI11: =IF(BF11<>"A","Mora","Al día") -> Al día | BJ11: =IF(AND(AO11<>"",AP11<>"A"),"Reestructurado","-") -> -
A12: C | B12: * | C12: 144205 | D12: 4 | E12: 19809 | F12: 44013 | G12: 44352 | H12: 25 | I12: 1 | J12: 7 | K12: 30 | L12: 2 | M12: 11.38 | N12: 11.992731 | O12: 1092266 | P12: 105036 | Q12: 309711 | R12: 2573 | S12: 0 | T12: 0 | V12: 0 | W12: 0 | X12: 0 | AA12: 44259 | AB12: 1 | AC12: O | AD12: 1 | AE12: 30 | AF12: 486 | AM12: 1 | AN12: 1 | AQ12: 1783000 | AR12: LINEA CONSUMO | AS12: 0 | AT12: 0 | AW12: 1 | AX12: 2 | AY12: 44013 | AZ12: A | BB12: 1 | BC12: 7 | BD12: 2 | BE12: 44286 | BF12: =VLOOKUP(C12,'Cta Contable'!A:E,5,FALSE) -> A | BG12: =VLOOKUP(C12,'Cta Contable'!A:D,4,FALSE) -> Consumo | BH12: =VLOOKUP(Q12,Lista!A:B,2,TRUE) -> 1- 2.500.000 | BI12: =IF(BF12<>"A","Mora","Al día") -> Al día | BJ12: =IF(AND(AO12<>"",AP12<>"A"),"Reestructurado","-") -> -
A13: C | B13: * | C13: 144205 | D13: 3 | E13: 19826 | F13: 44013 | G13: 45061 | H13: 0 | I13: 1 | J13: 8 | K13: 30 | L13: 2 | M13: 20.98 | N13: 23.119728 | O13: 7674275 | P13: 301318 | Q13: 6252359 | R13: 50811 | S13: 0 | T13: 0 | V13: 0 | W13: 0 | X13: 0 | AA13: 44281 | AB13: 1 | AC13: O | AD13: 1 | AE13: 30 | AF13: 0 | AM13: 1 | AN13: 1 | AO13: 44013 | AP13: A | AQ13: 1181559 | AR13: LINEA CONSUMO | AS13: 1 | AT13: 0 | AW13: 5 | BB13: 1 | BC13: 7 | BD13: 2 | BE13: 44286 | BF13: =VLOOKUP(C13,'Cta Contable'!A:E,5,FALSE) -> A | BG13: =VLOOKUP(C13,'Cta Contable'!A:D,4,FALSE) -> Consumo | BH13: =VLOOKUP(Q13,Lista!A:B,2,TRUE) -> 5.000.001 - 10.000.000 | BI13: =IF(BF13<>"A","Mora","Al día") -> Al día | BJ13: =IF(AND(AO13<>"",AP13<>"A"),"Reestructurado","-") -> -
A14: C | B14: * | C14: 144205 | D14: 4 | E14: 20577 | F14: 44085 | G14: 44834 | H14: 0 | I14: 1 | J14: 6 | K14: 30 | L14: 2 | M14: 11.42 | N14: 12.037116 | O14: 1100000 | P14: 51483 | Q14: 838407 | R14: 3990 | S14: 0 | T14: 0 | V14: 0 | W14: 0 | X14: 0 | AA14: 44270 | AB14: 1 | AC14: O | AD14: 1 | AE14: 30 | AF14: 0 | AM14: 1 | AN14: 1 | AQ14: 158441 | AR14: LINEA CONSUMO | AS14: 0 | AT14: 0 | AW14: 5 | BB14: 1 | BC14: 7 | BD14: 2 | BE14: 44286 | BF14: =VLOOKUP(C14,'Cta Contable'!A:E,5,FALSE) -> A | BG14: =VLOOKUP(C14,'Cta Contable'!A:D,4,FALSE) -> Consumo | BH14: =VLOOKUP(Q14,Lista!A:B,2,TRUE) -> 1- 2.500.000 | BI14: =IF(BF14<>"A","Mora","Al día") -> Al día | BJ14: =IF(AND(AO14<>"",AP14<>"A"),"Reestructurado","-") -> -
A15: C | B15: * | C15: 144205 | D15: 4 | E15: 20405 | F15: 44042 | G15: 44650 | H15: 0 | I15: 1 | J15: 7 | K15: 30 | L15: 2 | M15: 23.42 | N15: 26.104899 | O15: 2000000 | P15: 121744 | Q15: 1386001 | R15: 26344 | S15: 0 | T15: 0 | V15: 0 | W15: 0 | X15: 0 | AA15: 44258 | AB15: 1 | AC15: O | AD15: 1 | AE15: 30 | AF15: 0 | AM15: 1 | AN15: 1 | AQ15: 404000 | AR15: LINEA CONSUMO | AS15: 0 | AT15: 0 | AW15: 5 | BB15: 1 | BC15: 7 | BD15: 2 | BE15: 44286 | BF15: =VLOOKUP(C15,'Cta Contable'!A:E,5,FALSE) -> A | BG15: =VLOOKUP(C15,'Cta Contable'!A:D,4,FALSE) -> Consumo | BH15: =VLOOKUP(Q15,Lista!A:B,2,TRUE) -> 1- 2.500.000 | BI15: =IF(BF15<>"A","Mora","Al día") -> Al día | BJ15: =IF(AND(AO15<>"",AP15<>"A"),"Reestructurado","-") -> -
A16: C | B16: * | C16: 144205 | D16: 3 | E16: 20488 | F16: 44063 | G16: 45092 | H16: 0 | I16: 1 | J16: 6 | K16: 30 | L16: 2 | M16: 11.42 | N16: 12.037116 | O16: 2570000 | P16: 91114 | Q16: 2151222 | R16: 13640 | S16: 0 | T16: 0 | V16: 0 | W16: 0 | X16: 0 | AA16: 44265 | AB16: 1 | AC16: O | AD16: 1 | AE16: 30 | AF16: 0 | AM16: 1 | AN16: 1 | AO16: 44063 | AP16: A | AQ16: 2813000 | AR16: LINEA CONSUMO | AS16: 1 | AT16: 0 | AW16: 5 | BB16: 1 | BC16: 7 | BD16: 2 | BE16: 44286 | BF16: =VLOOKUP(C16,'Cta Contable'!A:E,5,FALSE) -> A | BG16: =VLOOKUP(C16,'Cta Contable'!A:D,4,FALSE) -> Consumo | BH16: =VLOOKUP(Q16,Lista!A:B,2,TRUE) -> 1- 2.500.000 | BI16: =IF(BF16<>"A","Mora","Al día") -> Al día | BJ16: =IF(AND(AO16<>"",AP16<>"A"),"Reestructurado","-") -> -
A17: C | B17: * | C17: 144205 | D17: 4 | E17: 17862 | F17: 43434 | G17: 44717 | H17: 0 | I17: 1 | J17: 27 | K17: 30 | L17: 2 | M17: 20.9 | N17: 23.02296 | O17: 15000000 | P17: 506521 | Q17: 6623136 | R17: 92280 | S17: 0 | T17: 0 | V17: 0 | W17: 0 | X17: 0 | AA17: 44261 | AB17: 1 | AC17: O | AD17: 1 | AE17: 30 | AF17: 0 | AM17: 1 | AN17: 1 | AQ17: 3472208 | AR17: LINEA CONSUMO | AS17: 0 | AT17: 0 | AW17: 5 | BB17: 1 | BC17: 7 | BD17: 2 | BE17: 44286 | BF17: =VLOOKUP(C17,'Cta Contable'!A:E,5,FALSE) -> A | BG17: =VLOOKUP(C17,'Cta Contable'!A:D,4,FALSE) -> Consumo | BH17: =VLOOKUP(Q17,Lista!A:B,2,TRUE) -> 5.000.001 - 10.000.000 | BI17: =IF(BF17<>"A","Mora","Al día") -> Al día | BJ17: =IF(AND(AO17<>"",AP17<>"A"),"Reestructurado","-") -> -
A18: C | B18: * | C18: 144205 | D18: 4 | E18: 18751 | F18: 44013 | G18: 44727 | H18: 15 | I18: 1 | J18: 7 | K18: 30 | L18: 2 | M18: 20.97 | N18: 23.107629 | O18: 7365056 | P18: 391624 | Q18: 5128614 | R18: 44811 | S18: 0 | T18: 0 | V18: 0 | W18: 0 | X18: 0 | AA18: 44279 | AB18: 1 | AC18: O | AD18: 1 | AE18: 30 | AF18: 161 | AM18: 1 | AN18: 1 | AQ18: 3343520 | AR18: LINEA CONSUMO | AS18: 0 | AT18: 0 | AW18: 1 | AX18: 2 | AY18: 44013 | AZ18: A | BB18: 1 | BC18: 7 | BD18: 2 | BE18: 44286 | BF18: =VLOOKUP(C18,'Cta Contable'!A:E,5,FALSE) -> A | BG18: =VLOOKUP(C18,'Cta Contable'!A:D,4,FALSE) -> Consumo | BH18: =VLOOKUP(Q18,Lista!A:B,2,TRUE) -> 5.000.001 - 10.000.000 | BI18: =IF(BF18<>"A","Mora","Al día") -> Al día | BJ18: =IF(AND(AO18<>"",AP18<>"A"),"Reestructurado","-") -> -
A19: C | B19: * | C19: 144205 | D19: 4 | E19: 20383 | F19: 44042 | G19: 45275 | H19: 0 | I19: 1 | J19: 7 | K19: 30 | L19: 2 | M19: 19.320074 | N19: 21.1261 | O19: 5000000 | P19: 170511 | Q19: 4338662 | R19: 30803 | S19: 0 | T19: 0 | V19: 0 | W19: 0 | X19: 0 | AA19: 44275 | AB19: 1 | AC19: O | AD19: 1 | AE19: 30 | AF19: 0 | AM19: 1 | AN19: 1 | AQ19: 1553952 | AR19: LINEA CONSUMO | AS19: 0 | AT19: 0 | AW19: 5 | BB19: 1 | BC19: 7 | BD19: 2 | BE19: 44286 | BF19: =VLOOKUP(C19,'Cta Contable'!A:E,5,FALSE) -> A | BG19: =VLOOKUP(C19,'Cta Contable'!A:D,4,FALSE) -> Consumo | BH19: =VLOOKUP(Q19,Lista!A:B,2,TRUE) -> 2.500.001 - 5.000.000 | BI19: =IF(BF19<>"A","Mora","Al día") -> Al día | BJ19: =IF(AND(AO19<>"",AP19<>"A"),"Reestructurado","-") -> -
A20: C | B20: * | C20: 144205 | D20: 3 | E20: 21354 | F20: 44252 | G20: 45319 | H20: 0 | I20: 1 | J20: 1 | K20: 30 | L20: 2 | M20: 21.02 | N20: 23.168139 | O20: 10000000 | P20: 384610 | Q20: 9790170 | R20: 0 | S20: 0 | T20: 0 | V20: 0 | W20: 0 | X20: 0 | AA20: 44285 | AB20: 1 | AC20: O | AD20: 1 | AE20: 30 | AF20: 0 | AM20: 1 | AN20: 1 | AO20: 44252 | AP20: A | AQ20: 843000 | AR20: LINEA CONSUMO | AS20: 1 | AT20: 0 | AW20: 5 | BB20: 1 | BC20: 7 | BD20: 2 | BE20: 44286 | BF20: =VLOOKUP(C20,'Cta Contable'!A:E,5,FALSE) -> A | BG20: =VLOOKUP(C20,'Cta Contable'!A:D,4,FALSE) -> Consumo | BH20: =VLOOKUP(Q20,Lista!A:B,2,TRUE) -> 5.000.001 - 10.000.000 | BI20: =IF(BF20<>"A","Mora","Al día") -> Al día | BJ20: =IF(AND(AO20<>"",AP20<>"A"),"Reestructurado","-") -> -
A21: C | B21: * | C21: 144205 | D21: 4 | E21: 17973 | F21: 44013 | G21: 45153 | H21: 0 | I21: 1 | J21: 8 | K21: 30 | L21: 2 | M21: 20.92 | N21: 23.047146 | O21: 20412925 | P21: 753264 | Q21: 17032838 | R21: 148179 | S21: 0 | T21: 0 | V21: 0 | W21: 0 | X21: 0 | AA21: 44284 | AB21: 1 | AC21: O | AD21: 1 | AE21: 30 | AF21: 0 | AM21: 1 | AN21: 1 | AQ21: 1512357 | AR21: LINEA CONSUMO | AS21: 0 | AT21: 0 | AW21: 1 | AX21: 2 | AY21: 44013 | AZ21: A | BB21: 1 | BC21: 7 | BD21: 2 | BE21: 44286 | BF21: =VLOOKUP(C21,'Cta Contable'!A:E,5,FALSE) -> A | BG21: =VLOOKUP(C21,'Cta Contable'!A:D,4,FALSE) -> Consumo | BH21: =VLOOKUP(Q21,Lista!A:B,2,TRUE) -> 15.000.001 - 20.000.000 | BI21: =IF(BF21<>"A","Mora","Al día") -> Al día | BJ21: =IF(AND(AO21<>"",AP21<>"A"),"Reestructurado","-") -> -
A22: C | B22: * | C22: 144205 | D22: 4 | E22: 21123 | F22: 44194 | G22: 45107 | H22: 0 | I22: 1 | J22: 2 | K22: 30 | L22: 2 | M22: 11.42 | N22: 12.037116 | O22: 1640000 | P22: 63099 | Q22: 1544564 | R22: 12911 | S22: 0 | T22: 0 | V22: 0 | W22: 0 | X22: 0 | AA22: 44261 | AB22: 1 | AC22: O | AD22: 1 | AE22: 30 | AF22: 0 | AM22: 1 | AN22: 1 | AQ22: 137143 | AR22: LINEA CONSUMO | AS22: 0 | AT22: 0 | AW22: 5 | BB22: 1 | BC22: 7 | BD22: 2 | BE22: 44286 | BF22: =VLOOKUP(C22,'Cta Contable'!A:E,5,FALSE) -> A | BG22: =VLOOKUP(C22,'Cta Contable'!A:D,4,FALSE) -> Consumo | BH22: =VLOOKUP(Q22,Lista!A:B,2,TRUE) -> 1- 2.500.000 | BI22: =IF(BF22<>"A","Mora","Al día") -> Al día | BJ22: =IF(AND(AO22<>"",AP22<>"A"),"Reestructurado","-") -> -
A23: C | B23: * | C23: 144205 | D23: 4 | E23: 19301 | F23: 43733 | G23: 44849 | H23: 0 | I23: 1 | J23: 17 | K23: 30 | L23: 2 | M23: 20.94 | N23: 23.071336 | O23: 14000000 | P23: 527020 | Q23: 8424736 | R23: 83300 | S23: 0 | T23: 0 | V23: 0 | W23: 0 | X23: 0 | AA23: 44268 | AB23: 1 | AC23: O | AD23: 1 | AE23: 30 | AF23: 0 | AM23: 1 | AN23: 1 | AQ23: 1914000 | AR23: LINEA CONSUMO | AS23: 0 | AT23: 0 | AW23: 5 | BB23: 1 | BC23: 7 | BD23: 2 | BE23: 44286 | BF23: =VLOOKUP(C23,'Cta Contable'!A:E,5,FALSE) -> A | BG23: =VLOOKUP(C23,'Cta Contable'!A:D,4,FALSE) -> Consumo | BH23: =VLOOKUP(Q23,Lista!A:B,2,TRUE) -> 5.000.001 - 10.000.000 | BI23: =IF(BF23<>"A","Mora","Al día") -> Al día | BJ23: =IF(AND(AO23<>"",AP23<>"A"),"Reestructurado","-") -> -
A24: C | B24: * | C24: 144205 | D24: 4 | E24: 18550 | F24: 44013 | G24: 44819 | H24: 0 | I24: 1 | J24: 8 | K24: 30 | L24: 2 | M24: 21.08 | N24: 23.240787 | O24: 6247162 | P24: 301377 | Q24: 4610665 | R24: 40500 | S24: 0 | T24: 0 | V24: 0 | W24: 0 | X24: 0 | AA24: 44270 | AB24: 1 | AC24: O | AD24: 1 | AE24: 30 | AF24: 0 | AM24: 1 | AN24: 1 | AQ24: 1018000 | AR24: LINEA CONSUMO | AS24: 0 | AT24: 0 | AW24: 1 | AX24: 2 | AY24: 44013 | AZ24: A | BB24: 1 | BC24: 7 | BD24: 2 | BE24: 44286 | BF24: =VLOOKUP(C24,'Cta Contable'!A:E,5,FALSE) -> A | BG24: =VLOOKUP(C24,'Cta Contable'!A:D,4,FALSE) -> Consumo | BH24: =VLOOKUP(Q24,Lista!A:B,2,TRUE) -> 2.500.001 - 5.000.000 | BI24: =IF(BF24<>"A","Mora","Al día") -> Al día | BJ24: =IF(AND(AO24<>"",AP24<>"A"),"Reestructurado","-") -> -
A25: C | B25: * | C25: 144205 | D25: 4 | E25: 20924 | F25: 44148 | G25: 45392 | H25: 0 | I25: 1 | J25: 3 | K25: 30 | L25: 2 | M25: 19.32 | N25: 21.126011 | O25: 5000000 | P25: 170510 | Q25: 4725599 | R25: 46441 | S25: 0 | T25: 0 | V25: 0 | W25: 0 | X25: 0 | AA25: 44285 | AB25: 1 | AC25: O | AD25: 1 | AE25: 30 | AF25: 0 | AM25: 1 | AN25: 1 | AQ25: 1826000 | AR25: LINEA CONSUMO | AS25: 0 | AT25: 0 | AW25: 5 | BB25: 1 | BC25: 7 | BD25: 2 | BE25: 44286 | BF25: =VLOOKUP(C25,'Cta Contable'!A:E,5,FALSE) -> A | BG25: =VLOOKUP(C25,'Cta Contable'!A:D,4,FALSE) -> Consumo | BH25: =VLOOKUP(Q25,Lista!A:B,2,TRUE) -> 2.500.001 - 5.000.000 | BI25: =IF(BF25<>"A","Mora","Al día") -> Al día | BJ25: =IF(AND(AO25<>"",AP25<>"A"),"Reestructurado","-") -> -
A26: C | B26: * | C26: 144205 | D26: 4 | E26: 19148 | F26: 44013 | G26: 45275 | H26: 0 | I26: 1 | J26: 8 | K26: 30 | L26: 2 | M26: 21.01 | N26: 23.156035 | O26: 22516598 | P26: 774277 | Q26: 19283226 | R26: 164549 | S26: 0 | T26: 0 | V26: 0 | W26: 0 | X26: 0 | AA26: 44275 | AB26: 1 | AC26: O | AD26: 1 | AE26: 30 | AF26: 0 | AM26: 1 | AN26: 1 | AQ26: 3043500 | AR26: LINEA CONSUMO | AS26: 0 | AT26: 0 | AW26: 1 | AX26: 2 | AY26: 44013 | AZ26: A | BB26: 1 | BC26: 7 | BD26: 2 | BE26: 44286 | BF26: =VLOOKUP(C26,'Cta Contable'!A:E,5,FALSE) -> A | BG26: =VLOOKUP(C26,'Cta Contable'!A:D,4,FALSE) -> Consumo | BH26: =VLOOKUP(Q26,Lista!A:B,2,TRUE) -> 15.000.001 - 20.000.000 | BI26: =IF(BF26<>"A","Mora","Al día") -> Al día | BJ26: =IF(AND(AO26<>"",AP26<>"A"),"Reestructurado","-") -> -
A27: C | B27: * | C27: 144205 | D27: 4 | E27: 16037 | F27: 44013 | G27: 44484 | H27: 0 | I27: 1 | J27: 8 | K27: 30 | L27: 2 | M27: 20.900004 | N27: 23.022965 | O27: 8567727 | P27: 653969 | Q27: 4274832 | R27: 33704 | S27: 0 | T27: 0 | V27: 0 | W27: 0 | X27: 0 | AA27: 44274 | AB27: 1 | AC27: O | AD27: 1 | AE27: 30 | AF27: 0 | AM27: 1 | AN27: 1 | AQ27: 1651200 | AR27: LINEA CONSUMO | AS27: 0 | AT27: 0 | AW27: 1 | AX27: 2 | AY27: 44013 | AZ27: A | BB27: 1 | BC27: 7 | BD27: 2 | BE27: 44286 | BF27: =VLOOKUP(C27,'Cta Contable'!A:E,5,FALSE) -> A | BG27: =VLOOKUP(C27,'Cta Contable'!A:D,4,FALSE) -> Consumo | BH27: =VLOOKUP(Q27,Lista!A:B,2,TRUE) -> 2.500.001 - 5.000.000 | BI27: =IF(BF27<>"A","Mora","Al día") -> Al día | BJ27: =IF(AND(AO27<>"",AP27<>"A"),"Reestructurado","-") -> -
A28: C | B28: * | C28: 144205 | D28: 4 | E28: 17349 | F28: 44013 | G28: 44607 | H28: 15 | I28: 1 | J28: 7 | K28: 30 | L28: 2 | M28: 20.05 | N28: 21.999092 | O28: 9017444 | P28: 557836 | Q28: 6020345 | R28: 151318 | S28: 0 | T28: 0 | V28: 0 | W28: 0 | X28: 0 | AA28: 44250 | AB28: 1 | AC28: O | AD28: 1 | AE28: 30 | AF28: 457243 | AM28: 1 | AN28: 1 | AQ28: 1767000 | AR28: LINEA CONSUMO | AS28: 0 | AT28: 0 | AW28: 1 | AX28: 2 | AY28: 44013 | AZ28: A | BB28: 1 | BC28: 7 | BD28: 2 | BE28: 44286 | BF28: =VLOOKUP(C28,'Cta Contable'!A:E,5,FALSE) -> A | BG28: =VLOOKUP(C28,'Cta Contable'!A:D,4,FALSE) -> Consumo | BH28: =VLOOKUP(Q28,Lista!A:B,2,TRUE) -> 5.000.001 - 10.000.000 | BI28: =IF(BF28<>"A","Mora","Al día") -> Al día | BJ28: =IF(AND(AO28<>"",AP28<>"A"),"Reestructurado","-") -> -
A29: C | B29: * | C29: 144205 | D29: 4 | E29: 17230 | F29: 44013 | G29: 44757 | H29: 15 | I29: 1 | J29: 7 | K29: 30 | L29: 2 | M29: 20.150001 | N29: 22.119141 | O29: 12656741 | P29: 645103 | Q29: 9471836 | R29: 239121 | S29: 0 | T29: 0 | V29: 0 | W29: 0 | X29: 0 | AA29: 44245 | AB29: 1 | AC29: O | AD29: 1 | AE29: 30 | AF29: 486051 | AM29: 1 | AN29: 1 | AQ29: 1086300 | AR29: LINEA CONSUMO | AS29: 0 | AT29: 0 | AW29: 1 | AX29: 2 | AY29: 44013 | AZ29: A | BB29: 1 | BC29: 7 | BD29: 2 | BE29: 44286 | BF29: =VLOOKUP(C29,'Cta Contable'!A:E,5,FALSE) -> A | BG29: =VLOOKUP(C29,'Cta Contable'!A:D,4,FALSE) -> Consumo | BH29: =VLOOKUP(Q29,Lista!A:B,2,TRUE) -> 5.000.001 - 10.000.000 | BI29: =IF(BF29<>"A","Mora","Al día") -> Al día | BJ29: =IF(AND(AO29<>"",AP29<>"A"),"Reestructurado","-") -> -
A30: C | B30: * | C30: 144205 | D30: 4 | E30: 19948 | F30: 43885 | G30: 44326 | H30: 0 | I30: 1 | J30: 12 | K30: 30 | L30: 2 | M30: 11.47 | N30: 12.092619 | O30: 1500000 | P30: 114982 | Q30: 224261 | R30: 1278 | S30: 0 | T30: 0 | V30: 0 | W30: 0 | X30: 0 | AA30: 44267 | AB30: 1 | AC30: O | AD30: 1 | AE30: 30 | AF30: 0 | AM30: 1 | AN30: 1 | AQ30: 50457 | AR30: LINEA CONSUMO | AS30: 0 | AT30: 0 | AW30: 5 | BB30: 1 | BC30: 7 | BD30: 2 | BE30: 44286 | BF30: =VLOOKUP(C30,'Cta Contable'!A:E,5,FALSE) -> A | BG30: =VLOOKUP(C30,'Cta Contable'!A:D,4,FALSE) -> Consumo | BH30: =VLOOKUP(Q30,Lista!A:B,2,TRUE) -> 1- 2.500.000 | BI30: =IF(BF30<>"A","Mora","Al día") -> Al día | BJ30: =IF(AND(AO30<>"",AP30<>"A"),"Reestructurado","-") -> -
A31: C | B31: * | C31: 144205 | D31: 3 | E31: 20331 | F31: 44033 | G31: 45148 | H31: 0 | I31: 1 | J31: 7 | K31: 30 | L31: 2 | M31: 21.02 | N31: 23.168139 | O31: 8000000 | P31: 301483 | Q31: 6809436 | R31: 76469 | S31: 0 | T31: 0 | V31: 0 | W31: 0 | X31: 0 | AA31: 44267 | AB31: 1 | AC31: O | AD31: 1 | AE31: 30 | AF31: 0 | AM31: 1 | AN31: 1 | AO31: 44033 | AP31: A | AQ31: 1532062 | AR31: LINEA CONSUMO | AS31: 1 | AT31: 0 | AW31: 5 | BB31: 1 | BC31: 7 | BD31: 2 | BE31: 44286 | BF31: =VLOOKUP(C31,'Cta Contable'!A:E,5,FALSE) -> A | BG31: =VLOOKUP(C31,'Cta Contable'!A:D,4,FALSE) -> Consumo | BH31: =VLOOKUP(Q31,Lista!A:B,2,TRUE) -> 5.000.001 - 10.000.000 | BI31: =IF(BF31<>"A","Mora","Al día") -> Al día | BJ31: =IF(AND(AO31<>"",AP31<>"A"),"Reestructurado","-") -> -
A32: C | B32: * | C32: 144205 | D32: 4 | E32: 21497 | F32: 44284 | G32: 44941 | H32: 0 | I32: 1 | J32: 0 | K32: 30 | L32: 2 | M32: 11.420004 | N32: 12.03712 | O32: 2100000 | P32: 110799 | Q32: 2100000 | R32: 0 | S32: 0 | T32: 0 | V32: 0 | W32: 0 | X32: 0 | AA32: 44286 | AB32: 1 | AC32: O | AD32: 1 | AE32: 30 | AF32: 0 | AM32: 1 | AN32: 1 | AQ32: 472481 | AR32: LINEA CONSUMO | AS32: 0 | AT32: 0 | AW32: 5 | BB32: 1 | BC32: 7 | BD32: 2 | BE32: 44286 | BF32: =VLOOKUP(C32,'Cta Contable'!A:E,5,FALSE) -> A | BG32: =VLOOKUP(C32,'Cta Contable'!A:D,4,FALSE) -> Consumo | BH32: =VLOOKUP(Q32,Lista!A:B,2,TRUE) -> 1- 2.500.000 | BI32: =IF(BF32<>"A","Mora","Al día") -> Al día | BJ32: =IF(AND(AO32<>"",AP32<>"A"),"Reestructurado","-") -> -
A33: C | B33: * | C33: 144205 | D33: 4 | E33: 20273 | F33: 44008 | G33: 44747 | H33: 25 | I33: 1 | J33: 7 | K33: 30 | L33: 2 | M33: 21.02 | N33: 23.168139 | O33: 3500000 | P33: 179884 | Q33: 2625055 | R33: 79543 | S33: 0 | T33: 0 | V33: 0 | W33: 0 | X33: 0 | AA33: 44286 | AB33: 1 | AC33: O | AD33: 1 | AE33: 30 | AF33: 133904 | AM33: 1 | AN33: 1 | AQ33: 2796619 | AR33: LINEA CONSUMO | AS33: 0 | AT33: 0 | AW33: 5 | BB33: 1 | BC33: 7 | BD33: 2 | BE33: 44286 | BF33: =VLOOKUP(C33,'Cta Contable'!A:E,5,FALSE) -> A | BG33: =VLOOKUP(C33,'Cta Contable'!A:D,4,FALSE) -> Consumo | BH33: =VLOOKUP(Q33,Lista!A:B,2,TRUE) -> 2.500.001 - 5.000.000 | BI33: =IF(BF33<>"A","Mora","Al día") -> Al día | BJ33: =IF(AND(AO33<>"",AP33<>"A"),"Reestructurado","-") -> -
A34: C | B34: * | C34: 144205 | D34: 4 | E34: 19094 | F34: 43692 | G34: 44717 | H34: 25 | I34: 1 | J34: 17 | K34: 30 | L34: 2 | M34: 21.01 | N34: 23.156035 | O34: 12000000 | P34: 481834 | Q34: 6673209 | R34: 190456 | S34: 0 | T34: 0 | V34: 0 | W34: 0 | X34: 0 | AA34: 44280 | AB34: 1 | AC34: O | AD34: 1 | AE34: 30 | AF34: 365011 | AM34: 1 | AN34: 1 | AQ34: 1086000 | AR34: LINEA CONSUMO | AS34: 0 | AT34: 0 | AW34: 5 | BB34: 1 | BC34: 7 | BD34: 2 | BE34: 44286 | BF34: =VLOOKUP(C34,'Cta Contable'!A:E,5,FALSE) -> A | BG34: =VLOOKUP(C34,'Cta Contable'!A:D,4,FALSE) -> Consumo | BH34: =VLOOKUP(Q34,Lista!A:B,2,TRUE) -> 5.000.001 - 10.000.000 | BI34: =IF(BF34<>"A","Mora","Al día") -> Al día | BJ34: =IF(AND(AO34<>"",AP34<>"A"),"Reestructurado","-") -> -
A35: C | B35: * | C35: 144205 | D35: 3 | E35: 21257 | F35: 44225 | G35: 45703 | H35: 15 | I35: 1 | J35: 0 | K35: 30 | L35: 2 | M35: 21.02 | N35: 23.168139 | O35: 8000000 | P35: 247812 | Q35: 8000000 | R35: 210300 | S35: 0 | T35: 0 | V35: 0 | W35: 0 | X35: 0 | AA35: 44242 | AB35: 1 | AC35: O | AD35: 1 | AE35: 30 | AF35: 107666 | AM35: 1 | AN35: 1 | AO35: 44225 | AP35: A | AQ35: 1787000 | AR35: LINEA CONSUMO | AS35: 1 | AT35: 0 | AW35: 5 | BB35: 1 | BC35: 7 | BD35: 2 | BE35: 44286 | BF35: =VLOOKUP(C35,'Cta Contable'!A:E,5,FALSE) -> A | BG35: =VLOOKUP(C35,'Cta Contable'!A:D,4,FALSE) -> Consumo | BH35: =VLOOKUP(Q35,Lista!A:B,2,TRUE) -> 5.000.001 - 10.000.000 | BI35: =IF(BF35<>"A","Mora","Al día") -> Al día | BJ35: =IF(AND(AO35<>"",AP35<>"A"),"Reestructurado","-") -> -
A36: C | B36: * | C36: 144105 | D36: 4 | E36: 19420 | F36: 43763 | G36: 44931 | H36: 0 | I36: 1 | J36: 16 | K36: 30 | L36: 2 | M36: 20.93 | N36: 23.05924 | O36: 5000000 | P36: 181068 | Q36: 3276114 | R36: 53340 | S36: 0 | T36: 0 | V36: 0 | W36: 0 | X36: 0 | AA36: 44257 | AB36: 1 | AC36: O | AD36: 1 | AE36: 30 | AF36: 0 | AM36: 1 | AN36: 1 | AQ36: 1700000 | AR36: LINEA CONSUMO | AS36: 0 | AT36: 0 | AU36: 1 | AV36: VARIOS - - | AW36: 5 | BB36: 1 | BC36: 7 | BD36: 2 | BE36: 44286 | BF36: =VLOOKUP(C36,'Cta Contable'!A:E,5,FALSE) -> A | BG36: =VLOOKUP(C36,'Cta Contable'!A:D,4,FALSE) -> Consumo | BH36: =VLOOKUP(Q36,Lista!A:B,2,TRUE) -> 2.500.001 - 5.000.000 | BI36: =IF(BF36<>"A","Mora","Al día") -> Al día | BJ36: =IF(AND(AO36<>"",AP36<>"A"),"Reestructurado","-") -> -
A37: C | B37: * | C37: 144205 | D37: 4 | E37: 18975 | F37: 43665 | G37: 44454 | H37: 0 | I37: 1 | J37: 19 | K37: 30 | L37: 2 | M37: 21.02 | N37: 23.168139 | O37: 5300000 | P37: 263619 | Q37: 1462225 | R37: 14518 | S37: 0 | T37: 0 | V37: 0 | W37: 0 | X37: 0 | AA37: 44268 | AB37: 1 | AC37: O | AD37: 1 | AE37: 30 | AF37: 0 | AM37: 1 | AN37: 1 | AQ37: 2602500 | AR37: LINEA CONSUMO | AS37: 0 | AT37: 0 | AW37: 5 | BB37: 1 | BC37: 7 | BD37: 2 | BE37: 44286 | BF37: =VLOOKUP(C37,'Cta Contable'!A:E,5,FALSE) -> A | BG37: =VLOOKUP(C37,'Cta Contable'!A:D,4,FALSE) -> Consumo | BH37: =VLOOKUP(Q37,Lista!A:B,2,TRUE) -> 1- 2.500.000 | BI37: =IF(BF37<>"A","Mora","Al día") -> Al día | BJ37: =IF(AND(AO37<>"",AP37<>"A"),"Reestructurado","-") -> -
A38: C | B38: * | C38: 144205 | D38: 4 | E38: 16894 | F38: 44013 | G38: 44484 | H38: 0 | I38: 1 | J38: 8 | K38: 30 | L38: 2 | M38: 20.34 | N38: 22.347531 | O38: 7141945 | P38: 543222 | Q38: 3311351 | R38: 33678 | S38: 0 | T38: 0 | V38: 0 | W38: 0 | X38: 0 | AA38: 44267 | AB38: 1 | AC38: O | AD38: 1 | AE38: 30 | AF38: 0 | AM38: 1 | AN38: 1 | AQ38: 2179675 | AR38: LINEA CONSUMO | AS38: 0 | AT38: 0 | AW38: 1 | AX38: 2 | AY38: 44013 | AZ38: A | BB38: 1 | BC38: 7 | BD38: 2 | BE38: 44286 | BF38: =VLOOKUP(C38,'Cta Contable'!A:E,5,FALSE) -> A | BG38: =VLOOKUP(C38,'Cta Contable'!A:D,4,FALSE) -> Consumo | BH38: =VLOOKUP(Q38,Lista!A:B,2,TRUE) -> 2.500.001 - 5.000.000 | BI38: =IF(BF38<>"A","Mora","Al día") -> Al día | BJ38: =IF(AND(AO38<>"",AP38<>"A"),"Reestructurado","-") -> -
A39: C | B39: * | C39: 144205 | D39: 4 | E39: 19283 | F39: 43728 | G39: 44972 | H39: 15 | I39: 1 | J39: 16 | K39: 30 | L39: 2 | M39: 20.94 | N39: 23.071336 | O39: 19900000 | P39: 695322 | Q39: 13212084 | R39: 114120 | S39: 0 | T39: 0 | V39: 0 | W39: 0 | X39: 0 | AA39: 44285 | AB39: 1 | AC39: O | AD39: 1 | AE39: 30 | AF39: 131940 | AM39: 1 | AN39: 1 | AQ39: 2673213 | AR39: LINEA CONSUMO | AS39: 0 | AT39: 0 | AW39: 5 | BB39: 1 | BC39: 7 | BD39: 2 | BE39: 44286 | BF39: =VLOOKUP(C39,'Cta Contable'!A:E,5,FALSE) -> A | BG39: =VLOOKUP(C39,'Cta Contable'!A:D,4,FALSE) -> Consumo | BH39: =VLOOKUP(Q39,Lista!A:B,2,TRUE) -> 10.000.001 - 15.000.000 | BI39: =IF(BF39<>"A","Mora","Al día") -> Al día | BJ39: =IF(AND(AO39<>"",AP39<>"A"),"Reestructurado","-") -> -
A40: C | B40: * | C40: 144205 | D40: 4 | E40: 19720 | F40: 43826 | G40: 45209 | H40: 0 | I40: 1 | J40: 14 | K40: 30 | L40: 2 | M40: 20.95 | N40: 23.083432 | O40: 19900000 | P40: 642106 | Q40: 15199704 | R40: 168055 | S40: 0 | T40: 0 | V40: 0 | W40: 0 | X40: 0 | AA40: 44266 | AB40: 1 | AC40: O | AD40: 1 | AE40: 30 | AF40: 0 | AM40: 1 | AN40: 1 | AQ40: 2152500 | AR40: LINEA CONSUMO | AS40: 0 | AT40: 0 | AW40: 5 | BB40: 1 | BC40: 7 | BD40: 2 | BE40: 44286 | BF40: =VLOOKUP(C40,'Cta Contable'!A:E,5,FALSE) -> A | BG40: =VLOOKUP(C40,'Cta Contable'!A:D,4,FALSE) -> Consumo | BH40: =VLOOKUP(Q40,Lista!A:B,2,TRUE) -> 15.000.001 - 20.000.000 | BI40: =IF(BF40<>"A","Mora","Al día") -> Al día | BJ40: =IF(AND(AO40<>"",AP40<>"A"),"Reestructurado","-") -> -
A41: C | B41: * | C41: 144205 | D41: 4 | E41: 18684 | F41: 44013 | G41: 44931 | H41: 25 | I41: 1 | J41: 7 | K41: 30 | L41: 2 | M41: 20.97 | N41: 23.107629 | O41: 6851881 | P41: 295417 | Q41: 5434827 | R41: 421202 | S41: 0 | T41: 0 | V41: 0 | W41: 0 | X41: 0 | AA41: 44152 | AB41: 1 | AC41: O | AD41: 1 | AE41: 30 | AF41: 77415 | AM41: 1 | AN41: 1 | AQ41: 1049000 | AR41: LINEA CONSUMO | AS41: 0 | AT41: 0 | AW41: 1 | AX41: 2 | AY41: 44013 | AZ41: A | BB41: 1 | BC41: 7 | BD41: 2 | BE41: 44286 | BF41: =VLOOKUP(C41,'Cta Contable'!A:E,5,FALSE) -> A | BG41: =VLOOKUP(C41,'Cta Contable'!A:D,4,FALSE) -> Consumo | BH41: =VLOOKUP(Q41,Lista!A:B,2,TRUE) -> 5.000.001 - 10.000.000 | BI41: =IF(BF41<>"A","Mora","Al día") -> Al día | BJ41: =IF(AND(AO41<>"",AP41<>"A"),"Reestructurado","-") -> -
A42: C | B42: * | C42: 144205 | D42: 4 | E42: 20109 | F42: 43951 | G42: 44515 | H42: 0 | I42: 1 | J42: 11 | K42: 30 | L42: 2 | M42: 23.31 | N42: 25.968906 | O42: 2200000 | P42: 146004 | Q42: 851796 | R42: 6072 | S42: 0 | T42: 0 | V42: 0 | W42: 0 | X42: 0 | AA42: 44274 | AB42: 1 | AC42: O | AD42: 1 | AE42: 30 | AF42: 0 | AM42: 1 | AN42: 1 | AQ42: 701000 | AR42: LINEA CONSUMO | AS42: 0 | AT42: 0 | AW42: 5 | BB42: 1 | BC42: 7 | BD42: 2 | BE42: 44286 | BF42: =VLOOKUP(C42,'Cta Contable'!A:E,5,FALSE) -> A | BG42: =VLOOKUP(C42,'Cta Contable'!A:D,4,FALSE) -> Consumo | BH42: =VLOOKUP(Q42,Lista!A:B,2,TRUE) -> 1- 2.500.000 | BI42: =IF(BF42<>"A","Mora","Al día") -> Al día | BJ42: =IF(AND(AO42<>"",AP42<>"A"),"Reestructurado","-") -> -
A43: C | B43: * | C43: 144205 | D43: 4 | E43: 20878 | F43: 44144 | G43: 45250 | H43: 0 | I43: 1 | J43: 3 | K43: 30 | L43: 2 | M43: 21.02 | N43: 23.168139 | O43: 6000000 | P43: 226112 | Q43: 5503131 | R43: 32130 | S43: 0 | T43: 0 | V43: 0 | W43: 0 | X43: 0 | AA43: 44279 | AB43: 1 | AC43: O | AD43: 1 | AE43: 30 | AF43: 0 | AM43: 1 | AN43: 1 | AQ43: 1910000 | AR43: LINEA CONSUMO | AS43: 0 | AT43: 0 | AW43: 5 | BB43: 1 | BC43: 7 | BD43: 2 | BE43: 44286 | BF43: =VLOOKUP(C43,'Cta Contable'!A:E,5,FALSE) -> A | BG43: =VLOOKUP(C43,'Cta Contable'!A:D,4,FALSE) -> Consumo | BH43: =VLOOKUP(Q43,Lista!A:B,2,TRUE) -> 5.000.001 - 10.000.000 | BI43: =IF(BF43<>"A","Mora","Al día") -> Al día | BJ43: =IF(AND(AO43<>"",AP43<>"A"),"Reestructurado","-") -> -
A44: C | B44: * | C44: 144205 | D44: 4 | E44: 21327 | F44: 44244 | G44: 45350 | H44: 0 | I44: 1 | J44: 0 | K44: 30 | L44: 2 | M44: 21.02 | N44: 23.168139 | O44: 7000000 | P44: 263797 | Q44: 7000000 | R44: 122610 | S44: 0 | T44: 0 | V44: 0 | W44: 0 | X44: 0 | AA44: 44255 | AB44: 1 | AC44: O | AD44: 1 | AE44: 30 | AF44: 0 | AM44: 1 | AN44: 1 | AQ44: 1378500 | AR44: LINEA CONSUMO | AS44: 0 | AT44: 0 | AW44: 5 | BB44: 1 | BC44: 7 | BD44: 2 | BE44: 44286 | BF44: =VLOOKUP(C44,'Cta Contable'!A:E,5,FALSE) -> A | BG44: =VLOOKUP(C44,'Cta Contable'!A:D,4,FALSE) -> Consumo | BH44: =VLOOKUP(Q44,Lista!A:B,2,TRUE) -> 5.000.001 - 10.000.000 | BI44: =IF(BF44<>"A","Mora","Al día") -> Al día | BJ44: =IF(AND(AO44<>"",AP44<>"A"),"Reestructurado","-") -> -
A45: C | B45: * | C45: 144205 | D45: 4 | E45: 20307 | F45: 44025 | G45: 45245 | H45: 0 | I45: 1 | J45: 8 | K45: 30 | L45: 2 | M45: 19.320074 | N45: 21.1261 | O45: 5000000 | P45: 170511 | Q45: 4197524 | R45: 60831 | S45: 0 | T45: 0 | V45: 0 | W45: 0 | X45: 0 | AA45: 44258 | AB45: 1 | AC45: O | AD45: 1 | AE45: 30 | AF45: 0 | AM45: 1 | AN45: 1 | AQ45: 1426000 | AR45: LINEA CONSUMO | AS45: 0 | AT45: 0 | AW45: 5 | BB45: 1 | BC45: 7 | BD45: 2 | BE45: 44286 | BF45: =VLOOKUP(C45,'Cta Contable'!A:E,5,FALSE) -> A | BG45: =VLOOKUP(C45,'Cta Contable'!A:D,4,FALSE) -> Consumo | BH45: =VLOOKUP(Q45,Lista!A:B,2,TRUE) -> 2.500.001 - 5.000.000 | BI45: =IF(BF45<>"A","Mora","Al día") -> Al día | BJ45: =IF(AND(AO45<>"",AP45<>"A"),"Reestructurado","-") -> -
A46: C | B46: * | C46: 144205 | D46: 3 | E46: 20424 | F46: 44043 | G46: 44423 | H46: 0 | I46: 1 | J46: 7 | K46: 30 | L46: 2 | M46: 21.02 | N46: 23.168139 | O46: 3600000 | P46: 335244 | Q46: 1591614 | R46: 2872 | S46: 0 | T46: 0 | V46: 0 | W46: 0 | X46: 0 | AA46: 44282 | AB46: 1 | AC46: O | AD46: 1 | AE46: 30 | AF46: 0 | AM46: 1 | AN46: 1 | AO46: 44043 | AP46: A | AQ46: 1756000 | AR46: LINEA CONSUMO | AS46: 1 | AT46: 0 | AW46: 5 | BB46: 1 | BC46: 7 | BD46: 2 | BE46: 44286 | BF46: =VLOOKUP(C46,'Cta Contable'!A:E,5,FALSE) -> A | BG46: =VLOOKUP(C46,'Cta Contable'!A:D,4,FALSE) -> Consumo | BH46: =VLOOKUP(Q46,Lista!A:B,2,TRUE) -> 1- 2.500.000 | BI46: =IF(BF46<>"A","Mora","Al día") -> Al día | BJ46: =IF(AND(AO46<>"",AP46<>"A"),"Reestructurado","-") -> -
A47: C | B47: * | C47: 144205 | D47: 4 | E47: 21465 | F47: 44278 | G47: 45076 | H47: 0 | I47: 1 | J47: 0 | K47: 30 | L47: 2 | M47: 22.619998 | N47: 25.11892 | O47: 3000000 | P47: 147023 | Q47: 3000000 | R47: 0 | S47: 0 | T47: 0 | V47: 0 | W47: 0 | X47: 0 | AA47: 44285 | AB47: 1 | AC47: O | AD47: 1 | AE47: 30 | AF47: 0 | AM47: 1 | AN47: 1 | AQ47: 240000 | AR47: LINEA CONSUMO | AS47: 0 | AT47: 0 | AW47: 5 | BB47: 1 | BC47: 7 | BD47: 2 | BE47: 44286 | BF47: =VLOOKUP(C47,'Cta Contable'!A:E,5,FALSE) -> A | BG47: =VLOOKUP(C47,'Cta Contable'!A:D,4,FALSE) -> Consumo | BH47: =VLOOKUP(Q47,Lista!A:B,2,TRUE) -> 2.500.001 - 5.000.000 | BI47: =IF(BF47<>"A","Mora","Al día") -> Al día | BJ47: =IF(AND(AO47<>"",AP47<>"A"),"Reestructurado","-") -> -
A48: C | B48: * | C48: 144205 | D48: 4 | E48: 20832 | F48: 44133 | G48: 44864 | H48: 0 | I48: 1 | J48: 22 | K48: 30 | L48: 2 | M48: 23.42 | N48: 26.104899 | O48: 2000000 | P48: 105164 | Q48: 176659 | R48: 575 | S48: 0 | T48: 0 | V48: 0 | W48: 0 | X48: 0 | AA48: 44280 | AB48: 1 | AC48: O | AD48: 1 | AE48: 30 | AF48: 0 | AM48: 1 | AN48: 1 | AQ48: 485000 | AR48: LINEA CONSUMO | AS48: 0 | AT48: 0 | AW48: 5 | BB48: 1 | BC48: 7 | BD48: 2 | BE48: 44286 | BF48: =VLOOKUP(C48,'Cta Contable'!A:E,5,FALSE) -> A | BG48: =VLOOKUP(C48,'Cta Contable'!A:D,4,FALSE) -> Consumo | BH48: =VLOOKUP(Q48,Lista!A:B,2,TRUE) -> 1- 2.500.000 | BI48: =IF(BF48<>"A","Mora","Al día") -> Al día | BJ48: =IF(AND(AO48<>"",AP48<>"A"),"Reestructurado","-") -> -
A49: C | B49: * | C49: 144205 | D49: 4 | E49: 19716 | F49: 43826 | G49: 44686 | H49: 0 | I49: 1 | J49: 14 | K49: 30 | L49: 2 | M49: 23.35 | N49: 26.018343 | O49: 4000000 | P49: 186642 | Q49: 2265529 | R49: 38194 | S49: 0 | T49: 0 | V49: 0 | W49: 0 | X49: 0 | AA49: 44259 | AB49: 1 | AC49: O | AD49: 1 | AE49: 30 | AF49: 0 | AM49: 1 | AN49: 1 | AQ49: 558000 | AR49: LINEA CONSUMO | AS49: 0 | AT49: 0 | AW49: 5 | BB49: 1 | BC49: 7 | BD49: 2 | BE49: 44286 | BF49: =VLOOKUP(C49,'Cta Contable'!A:E,5,FALSE) -> A | BG49: =VLOOKUP(C49,'Cta Contable'!A:D,4,FALSE) -> Consumo | BH49: =VLOOKUP(Q49,Lista!A:B,2,TRUE) -> 1- 2.500.000 | BI49: =IF(BF49<>"A","Mora","Al día") -> Al día | BJ49: =IF(AND(AO49<>"",AP49<>"A"),"Reestructurado","-") -> -
A50: C | B50: * | C50: 144205 | D50: 4 | E50: 18646 | F50: 43593 | G50: 44331 | H50: 0 | I50: 1 | J50: 22 | K50: 30 | L50: 2 | M50: 17.37 | N50: 18.821817 | O50: 5000000 | P50: 248101 | Q50: 485635 | R50: 3388 | S50: 0 | T50: 0 | V50: 0 | W50: 0 | X50: 0 | AA50: 44282 | AB50: 1 | AC50: O | AD50: 1 | AE50: 30 | AF50: 0 | AM50: 1 | AN50: 1 | AQ50: 572515 | AR50: LINEA CONSUMO | AS50: 0 | AT50: 0 | AW50: 5 | BB50: 1 | BC50: 7 | BD50: 2 | BE50: 44286 | BF50: =VLOOKUP(C50,'Cta Contable'!A:E,5,FALSE) -> A | BG50: =VLOOKUP(C50,'Cta Contable'!A:D,4,FALSE) -> Consumo | BH50: =VLOOKUP(Q50,Lista!A:B,2,TRUE) -> 1- 2.500.000 | BI50: =IF(BF50<>"A","Mora","Al día") -> Al día | BJ50: =IF(AND(AO50<>"",AP50<>"A"),"Reestructurado","-") -> -
A51: C | B51: * | C51: 144205 | D51: 4 | E51: 19507 | F51: 43782 | G51: 44392 | H51: 0 | I51: 1 | J51: 16 | K51: 30 | L51: 2 | M51: 13.28 | N51: 14.118883 | O51: 1500000 | P51: 84018 | Q51: 326987 | R51: 1761 | S51: 0 | T51: 0 | V51: 0 | W51: 0 | X51: 0 | AA51: 44282 | AB51: 1 | AC51: O | AD51: 1 | AE51: 30 | AF51: 0 | AM51: 1 | AN51: 1 | AQ51: 385485 | AR51: LINEA CONSUMO | AS51: 0 | AT51: 0 | AW51: 5 | BB51: 1 | BC51: 7 | BD51: 2 | BE51: 44286 | BF51: =VLOOKUP(C51,'Cta Contable'!A:E,5,FALSE) -> A | BG51: =VLOOKUP(C51,'Cta Contable'!A:D,4,FALSE) -> Consumo | BH51: =VLOOKUP(Q51,Lista!A:B,2,TRUE) -> 1- 2.500.000 | BI51: =IF(BF51<>"A","Mora","Al día") -> Al día | BJ51: =IF(AND(AO51<>"",AP51<>"A"),"Reestructurado","-") -> -
A52: C | B52: * | C52: 144205 | D52: 3 | E52: 20155 | F52: 43979 | G52: 45214 | H52: 0 | I52: 1 | J52: 9 | K52: 30 | L52: 2 | M52: 19.320074 | N52: 21.1261 | O52: 5000000 | P52: 170511 | Q52: 4128471 | R52: 37672 | S52: 0 | T52: 0 | V52: 0 | W52: 0 | X52: 0 | AA52: 44268 | AB52: 1 | AC52: O | AD52: 1 | AE52: 30 | AF52: 0 | AM52: 1 | AN52: 1 | AO52: 43979 | AP52: A | AQ52: 1005155 | AR52: LINEA CONSUMO | AS52: 1 | AT52: 0 | AW52: 5 | BB52: 1 | BC52: 7 | BD52: 2 | BE52: 44286 | BF52: =VLOOKUP(C52,'Cta Contable'!A:E,5,FALSE) -> A | BG52: =VLOOKUP(C52,'Cta Contable'!A:D,4,FALSE) -> Consumo | BH52: =VLOOKUP(Q52,Lista!A:B,2,TRUE) -> 2.500.001 - 5.000.000 | BI52: =IF(BF52<>"A","Mora","Al día") -> Al día | BJ52: =IF(AND(AO52<>"",AP52<>"A"),"Reestructurado","-") -> -
A53: C | B53: * | C53: 144205 | D53: 3 | E53: 20840 | F53: 44134 | G53: 45061 | H53: 0 | I53: 1 | J53: 4 | K53: 30 | L53: 2 | M53: 21.02 | N53: 23.168139 | O53: 6052304 | P53: 261095 | Q53: 5404563 | R53: 53652 | S53: 0 | T53: 0 | V53: 0 | W53: 0 | X53: 0 | AA53: 44268 | AB53: 1 | AC53: O | AD53: 1 | AE53: 30 | AF53: 0 | AM53: 1 | AN53: 1 | AO53: 44134 | AP53: A | AQ53: 1315845 | AR53: LINEA CONSUMO | AS53: 1 | AT53: 0 | AW53: 5 | BB53: 1 | BC53: 7 | BD53: 2 | BE53: 44286 | BF53: =VLOOKUP(C53,'Cta Contable'!A:E,5,FALSE) -> A | BG53: =VLOOKUP(C53,'Cta Contable'!A:D,4,FALSE) -> Consumo | BH53: =VLOOKUP(Q53,Lista!A:B,2,TRUE) -> 5.000.001 - 10.000.000 | BI53: =IF(BF53<>"A","Mora","Al día") -> Al día | BJ53: =IF(AND(AO53<>"",AP53<>"A"),"Reestructurado","-") -> -
A54: C | B54: * | C54: 144205 | D54: 4 | E54: 20820 | F54: 44132 | G54: 44620 | H54: 0 | I54: 1 | J54: 4 | K54: 30 | L54: 2 | M54: 23.42 | N54: 26.104899 | O54: 2000000 | P54: 146737 | Q54: 1556407 | R54: 30273 | S54: 0 | T54: 0 | V54: 0 | W54: 0 | X54: 0 | AA54: 44256 | AB54: 1 | AC54: O | AD54: 1 | AE54: 30 | AF54: 0 | AM54: 1 | AN54: 1 | AQ54: 368000 | AR54: LINEA CONSUMO | AS54: 0 | AT54: 0 | AW54: 5 | BB54: 1 | BC54: 7 | BD54: 2 | BE54: 44286 | BF54: =VLOOKUP(C54,'Cta Contable'!A:E,5,FALSE) -> A | BG54: =VLOOKUP(C54,'Cta Contable'!A:D,4,FALSE) -> Consumo | BH54: =VLOOKUP(Q54,Lista!A:B,2,TRUE) -> 1- 2.500.000 | BI54: =IF(BF54<>"A","Mora","Al día") -> Al día | BJ54: =IF(AND(AO54<>"",AP54<>"A"),"Reestructurado","-") -> -
A55: C | B55: * | C55: 144205 | D55: 4 | E55: 20407 | F55: 44042 | G55: 45260 | H55: 0 | I55: 1 | J55: 10 | K55: 30 | L55: 2 | M55: 19.320074 | N55: 21.1261 | O55: 5000000 | P55: 170511 | Q55: 4008511 | R55: 27963 | S55: 0 | T55: 0 | V55: 0 | W55: 0 | X55: 0 | AA55: 44272 | AB55: 1 | AC55: O | AD55: 1 | AE55: 30 | AF55: 0 | AM55: 1 | AN55: 1 | AQ55: 1255000 | AR55: LINEA CONSUMO | AS55: 0 | AT55: 0 | AW55: 5 | BB55: 1 | BC55: 7 | BD55: 2 | BE55: 44286 | BF55: =VLOOKUP(C55,'Cta Contable'!A:E,5,FALSE) -> A | BG55: =VLOOKUP(C55,'Cta Contable'!A:D,4,FALSE) -> Consumo | BH55: =VLOOKUP(Q55,Lista!A:B,2,TRUE) -> 2.500.001 - 5.000.000 | BI55: =IF(BF55<>"A","Mora","Al día") -> Al día | BJ55: =IF(AND(AO55<>"",AP55<>"A"),"Reestructurado","-") -> -
A56: C | B56: * | C56: 144205 | D56: 4 | E56: 18955 | F56: 44013 | G56: 44747 | H56: 0 | I56: 1 | J56: 8 | K56: 30 | L56: 2 | M56: 23.42 | N56: 26.104899 | O56: 8234539 | P56: 432989 | Q56: 5901571 | R56: 95931 | S56: 0 | T56: 0 | V56: 0 | W56: 0 | X56: 0 | AA56: 44275 | AB56: 1 | AC56: O | AD56: 1 | AE56: 30 | AF56: 0 | AM56: 1 | AN56: 1 | AQ56: 1295924 | AR56: LINEA CONSUMO | AS56: 0 | AT56: 0 | AW56: 1 | AX56: 2 | AY56: 44013 | AZ56: A | BB56: 1 | BC56: 7 | BD56: 2 | BE56: 44286 | BF56: =VLOOKUP(C56,'Cta Contable'!A:E,5,FALSE) -> A | BG56: =VLOOKUP(C56,'Cta Contable'!A:D,4,FALSE) -> Consumo | BH56: =VLOOKUP(Q56,Lista!A:B,2,TRUE) -> 5.000.001 - 10.000.000 | BI56: =IF(BF56<>"A","Mora","Al día") -> Al día | BJ56: =IF(AND(AO56<>"",AP56<>"A"),"Reestructurado","-") -> -
A57: C | B57: * | C57: 144205 | D57: 4 | E57: 19508 | F57: 43782 | G57: 44413 | H57: 0 | I57: 1 | J57: 17 | K57: 30 | L57: 2 | M57: 13.28 | N57: 14.118883 | O57: 3000000 | P57: 168037 | Q57: 448670 | R57: 166 | S57: 0 | T57: 0 | V57: 0 | W57: 0 | X57: 0 | AA57: 44284 | AB57: 1 | AC57: O | AD57: 1 | AE57: 30 | AF57: 0 | AM57: 1 | AN57: 1 | AQ57: 1430000 | AR57: LINEA CONSUMO | AS57: 0 | AT57: 0 | AW57: 5 | BB57: 1 | BC57: 7 | BD57: 2 | BE57: 44286 | BF57: =VLOOKUP(C57,'Cta Contable'!A:E,5,FALSE) -> A | BG57: =VLOOKUP(C57,'Cta Contable'!A:D,4,FALSE) -> Consumo | BH57: =VLOOKUP(Q57,Lista!A:B,2,TRUE) -> 1- 2.500.000 | BI57: =IF(BF57<>"A","Mora","Al día") -> Al día | BJ57: =IF(AND(AO57<>"",AP57<>"A"),"Reestructurado","-") -> -
A58: C | B58: * | C58: 144205 | D58: 4 | E58: 20188 | F58: 43986 | G58: 45214 | H58: 0 | I58: 1 | J58: 8 | K58: 30 | L58: 2 | M58: 19.320074 | N58: 21.1261 | O58: 5000000 | P58: 170511 | Q58: 4238004 | R58: 102432 | S58: 0 | T58: 0 | V58: 0 | W58: 0 | X58: 0 | AA58: 44266 | AB58: 1 | AC58: O | AD58: 1 | AE58: 30 | AF58: 0 | AM58: 1 | AN58: 1 | AQ58: 516086 | AR58: LINEA CONSUMO | AS58: 0 | AT58: 0 | AW58: 5 | BB58: 1 | BC58: 7 | BD58: 2 | BE58: 44286 | BF58: =VLOOKUP(C58,'Cta Contable'!A:E,5,FALSE) -> A | BG58: =VLOOKUP(C58,'Cta Contable'!A:D,4,FALSE) -> Consumo | BH58: =VLOOKUP(Q58,Lista!A:B,2,TRUE) -> 2.500.001 - 5.000.000 | BI58: =IF(BF58<>"A","Mora","Al día") -> Al día | BJ58: =IF(AND(AO58<>"",AP58<>"A"),"Reestructurado","-") -> -
A59: C | B59: * | C59: 144205 | D59: 4 | E59: 20756 | F59: 44124 | G59: 44701 | H59: 10 | I59: 1 | J59: 2 | K59: 30 | L59: 2 | M59: 20.8 | N59: 22.902098 | O59: 14741733 | P59: 917288 | Q59: 13138215 | R59: 144519 | S59: 0 | T59: 0 | V59: 0 | W59: 0 | X59: 0 | AA59: 44266 | AB59: 1 | AC59: O | AD59: 1 | AE59: 30 | AF59: 1822011 | AM59: 1 | AN59: 1 | AQ59: 1599914 | AR59: LINEA CONSUMO | AS59: 0 | AT59: 0 | AW59: 5 | BB59: 1 | BC59: 7 | BD59: 1 | BE59: 44286 | BF59: =VLOOKUP(C59,'Cta Contable'!A:E,5,FALSE) -> A | BG59: =VLOOKUP(C59,'Cta Contable'!A:D,4,FALSE) -> Consumo | BH59: =VLOOKUP(Q59,Lista!A:B,2,TRUE) -> 10.000.001 - 15.000.000 | BI59: =IF(BF59<>"A","Mora","Al día") -> Al día | BJ59: =IF(AND(AO59<>"",AP59<>"A"),"Reestructurado","-") -> -
A60: C | B60: * | C60: 144205 | D60: 4 | E60: 19208 | F60: 43707 | G60: 44531 | H60: 0 | I60: 1 | J60: 18 | K60: 30 | L60: 2 | M60: 23.41 | N60: 26.09253 | O60: 7000000 | P60: 335969 | Q60: 2747458 | R60: 50036 | S60: 0 | T60: 0 | V60: 0 | W60: 0 | X60: 0 | AA60: 44257 | AB60: 1 | AC60: O | AD60: 1 | AE60: 30 | AF60: 0 | AM60: 1 | AN60: 1 | AQ60: 943000 | AR60: LINEA CONSUMO | AS60: 0 | AT60: 0 | AW60: 5 | BB60: 1 | BC60: 7 | BD60: 2 | BE60: 44286 | BF60: =VLOOKUP(C60,'Cta Contable'!A:E,5,FALSE) -> A | BG60: =VLOOKUP(C60,'Cta Contable'!A:D,4,FALSE) -> Consumo | BH60: =VLOOKUP(Q60,Lista!A:B,2,TRUE) -> 2.500.001 - 5.000.000 | BI60: =IF(BF60<>"A","Mora","Al día") -> Al día | BJ60: =IF(AND(AO60<>"",AP60<>"A"),"Reestructurado","-") -> -
A61: C | B61: * | C61: 144205 | D61: 4 | E61: 20170 | F61: 43980 | G61: 45214 | H61: 15 | I61: 1 | J61: 8 | K61: 30 | L61: 2 | M61: 19.320074 | N61: 21.1261 | O61: 5000000 | P61: 170511 | Q61: 4136142 | R61: 33307 | S61: 0 | T61: 0 | V61: 0 | W61: 0 | X61: 0 | AA61: 44278 | AB61: 1 | AC61: O | AD61: 1 | AE61: 30 | AF61: 405 | AM61: 1 | AN61: 1 | AQ61: 1230000 | AR61: LINEA CONSUMO | AS61: 0 | AT61: 0 | AW61: 5 | BB61: 1 | BC61: 7 | BD61: 2 | BE61: 44286 | BF61: =VLOOKUP(C61,'Cta Contable'!A:E,5,FALSE) -> A | BG61: =VLOOKUP(C61,'Cta Contable'!A:D,4,FALSE) -> Consumo | BH61: =VLOOKUP(Q61,Lista!A:B,2,TRUE) -> 2.500.001 - 5.000.000 | BI61: =IF(BF61<>"A","Mora","Al día") -> Al día | BJ61: =IF(AND(AO61<>"",AP61<>"A"),"Reestructurado","-") -> -
A62: C | B62: * | C62: 144205 | D62: 4 | E62: 17024 | F62: 43272 | G62: 44392 | H62: 0 | I62: 1 | J62: 32 | K62: 30 | L62: 2 | M62: 16.569999 | N62: 17.888184 | O62: 15000000 | P62: 531586 | Q62: 2054937 | R62: 14084 | S62: 0 | T62: 0 | V62: 0 | W62: 0 | X62: 0 | AA62: 44271 | AB62: 1 | AC62: O | AD62: 1 | AE62: 30 | AF62: 0 | AM62: 1 | AN62: 1 | AQ62: 3455547 | AR62: LINEA CONSUMO | AS62: 0 | AT62: 0 | AW62: 5 | BB62: 1 | BC62: 7 | BD62: 2 | BE62: 44286 | BF62: =VLOOKUP(C62,'Cta Contable'!A:E,5,FALSE) -> A | BG62: =VLOOKUP(C62,'Cta Contable'!A:D,4,FALSE) -> Consumo | BH62: =VLOOKUP(Q62,Lista!A:B,2,TRUE) -> 1- 2.500.000 | BI62: =IF(BF62<>"A","Mora","Al día") -> Al día | BJ62: =IF(AND(AO62<>"",AP62<>"A"),"Reestructurado","-") -> -
A63: C | B63: * | C63: 144205 | D63: 4 | E63: 19634 | F63: 43812 | G63: 45273 | H63: 17 | I63: 1 | J63: 14 | K63: 30 | L63: 2 | M63: 20.95 | N63: 23.083432 | O63: 15000000 | P63: 464082 | Q63: 11762798 | R63: 369852 | S63: 0 | T63: 0 | V63: 0 | W63: 0 | X63: 0 | AA63: 44233 | AB63: 1 | AC63: O | AD63: 1 | AE63: 30 | AF63: 196148 | AM63: 1 | AN63: 1 | AQ63: 3136791 | AR63: LINEA CONSUMO | AS63: 0 | AT63: 0 | AW63: 5 | BB63: 1 | BC63: 7 | BD63: 2 | BE63: 44286 | BF63: =VLOOKUP(C63,'Cta Contable'!A:E,5,FALSE) -> A | BG63: =VLOOKUP(C63,'Cta Contable'!A:D,4,FALSE) -> Consumo | BH63: =VLOOKUP(Q63,Lista!A:B,2,TRUE) -> 10.000.001 - 15.000.000 | BI63: =IF(BF63<>"A","Mora","Al día") -> Al día | BJ63: =IF(AND(AO63<>"",AP63<>"A"),"Reestructurado","-") -> -
A64: C | B64: * | C64: 144205 | D64: 4 | E64: 20552 | F64: 44081 | G64: 44711 | H64: 0 | I64: 1 | J64: 6 | K64: 30 | L64: 2 | M64: 23.42 | N64: 26.104899 | O64: 2000000 | P64: 121744 | Q64: 1473668 | R64: 0 | S64: 0 | T64: 0 | V64: 0 | W64: 0 | X64: 0 | AA64: 44286 | AB64: 1 | AC64: O | AD64: 1 | AE64: 30 | AF64: 0 | AM64: 1 | AN64: 1 | AQ64: 521000 | AR64: LINEA CONSUMO | AS64: 0 | AT64: 0 | AW64: 5 | BB64: 1 | BC64: 7 | BD64: 2 | BE64: 44286 | BF64: =VLOOKUP(C64,'Cta Contable'!A:E,5,FALSE) -> A | BG64: =VLOOKUP(C64,'Cta Contable'!A:D,4,FALSE) -> Consumo | BH64: =VLOOKUP(Q64,Lista!A:B,2,TRUE) -> 1- 2.500.000 | BI64: =IF(BF64<>"A","Mora","Al día") -> Al día | BJ64: =IF(AND(AO64<>"",AP64<>"A"),"Reestructurado","-") -> -
A65: C | B65: * | C65: 144205 | D65: 4 | E65: 18813 | F65: 43627 | G65: 44362 | H65: 0 | I65: 1 | J65: 21 | K65: 30 | L65: 2 | M65: 17.39 | N65: 18.845244 | O65: 5000000 | P65: 248149 | Q65: 723340 | R65: 5235 | S65: 0 | T65: 0 | V65: 0 | W65: 0 | X65: 0 | AA65: 44270 | AB65: 1 | AC65: O | AD65: 1 | AE65: 30 | AF65: 0 | AM65: 1 | AN65: 1 | AQ65: 1390000 | AR65: LINEA CONSUMO | AS65: 0 | AT65: 0 | AW65: 5 | BB65: 1 | BC65: 7 | BD65: 2 | BE65: 44286 | BF65: =VLOOKUP(C65,'Cta Contable'!A:E,5,FALSE) -> A | BG65: =VLOOKUP(C65,'Cta Contable'!A:D,4,FALSE) -> Consumo | BH65: =VLOOKUP(Q65,Lista!A:B,2,TRUE) -> 1- 2.500.000 | BI65: =IF(BF65<>"A","Mora","Al día") -> Al día | BJ65: =IF(AND(AO65<>"",AP65<>"A"),"Reestructurado","-") -> -
A66: C | B66: * | C66: 144205 | D66: 4 | E66: 21501 | F66: 44285 | G66: 45214 | H66: 0 | I66: 1 | J66: 0 | K66: 30 | L66: 2 | M66: 22.619998 | N66: 25.11892 | O66: 5000000 | P66: 219735 | Q66: 5000000 | R66: 0 | S66: 0 | T66: 0 | V66: 0 | W66: 0 | X66: 0 | AA66: 44286 | AB66: 1 | AC66: O | AD66: 1 | AE66: 30 | AF66: 0 | AM66: 1 | AN66: 1 | AQ66: 1463000 | AR66: LINEA CONSUMO | AS66: 0 | AT66: 0 | AW66: 5 | BB66: 1 | BC66: 7 | BD66: 2 | BE66: 44286 | BF66: =VLOOKUP(C66,'Cta Contable'!A:E,5,FALSE) -> A | BG66: =VLOOKUP(C66,'Cta Contable'!A:D,4,FALSE) -> Consumo | BH66: =VLOOKUP(Q66,Lista!A:B,2,TRUE) -> 2.500.001 - 5.000.000 | BI66: =IF(BF66<>"A","Mora","Al día") -> Al día | BJ66: =IF(AND(AO66<>"",AP66<>"A"),"Reestructurado","-") -> -
A67: C | B67: * | C67: 141205 | D67: 4 | E67: 21245 | F67: 44223 | G67: 46068 | H67: 0 | I67: 1 | J67: 1 | K67: 30 | L67: 2 | M67: 19.529998 | N67: 21.37658 | O67: 40000000 | P67: 1049322 | Q67: 39601633 | R67: 322260 | S67: 0 | T67: 40000000 | V67: 0 | W67: 0 | X67: 0 | AA67: 44270 | AB67: 2 | AC67: O | AD67: 1 | AE67: 30 | AF67: 0 | AM67: 1 | AN67: 1 | AQ67: 625000 | AR67: LINEA CONSUMO | AS67: 0 | AT67: 0 | AW67: 5 | BB67: 1 | BC67: 7 | BD67: 2 | BE67: 44286 | BF67: =VLOOKUP(C67,'Cta Contable'!A:E,5,FALSE) -> A | BG67: =VLOOKUP(C67,'Cta Contable'!A:D,4,FALSE) -> Consumo | BH67: =VLOOKUP(Q67,Lista!A:B,2,TRUE) -> 20.000.001 - 63.000.000 | BI67: =IF(BF67<>"A","Mora","Al día") -> Al día | BJ67: =IF(AND(AO67<>"",AP67<>"A"),"Reestructurado","-") -> -
A68: C | B68: * | C68: 144205 | D68: 4 | E68: 17085 | F68: 44013 | G68: 44607 | H68: 0 | I68: 1 | J68: 8 | K68: 30 | L68: 2 | M68: 20.17 | N68: 22.143163 | O68: 10186103 | P68: 630721 | Q68: 6286339 | R68: 52779 | S68: 0 | T68: 0 | V68: 0 | W68: 0 | X68: 0 | AA68: 44285 | AB68: 1 | AC68: O | AD68: 1 | AE68: 30 | AF68: 0 | AM68: 1 | AN68: 1 | AQ68: 1459500 | AR68: LINEA CONSUMO | AS68: 0 | AT68: 0 | AW68: 1 | AX68: 2 | AY68: 44013 | AZ68: A | BB68: 1 | BC68: 7 | BD68: 2 | BE68: 44286 | BF68: =VLOOKUP(C68,'Cta Contable'!A:E,5,FALSE) -> A | BG68: =VLOOKUP(C68,'Cta Contable'!A:D,4,FALSE) -> Consumo | BH68: =VLOOKUP(Q68,Lista!A:B,2,TRUE) -> 5.000.001 - 10.000.000 | BI68: =IF(BF68<>"A","Mora","Al día") -> Al día | BJ68: =IF(AND(AO68<>"",AP68<>"A"),"Reestructurado","-") -> -
A69: C | B69: * | C69: 144205 | D69: 4 | E69: 20137 | F69: 43978 | G69: 44591 | H69: 0 | I69: 1 | J69: 9 | K69: 30 | L69: 2 | M69: 11.42 | N69: 12.037116 | O69: 2600000 | P69: 143380 | Q69: 1483242 | R69: 8007 | S69: 0 | T69: 0 | V69: 0 | W69: 0 | X69: 0 | AA69: 44268 | AB69: 1 | AC69: O | AD69: 1 | AE69: 30 | AF69: 0 | AM69: 1 | AN69: 1 | AQ69: 324422 | AR69: LINEA CONSUMO | AS69: 0 | AT69: 0 | AW69: 5 | BB69: 1 | BC69: 7 | BD69: 2 | BE69: 44286 | BF69: =VLOOKUP(C69,'Cta Contable'!A:E,5,FALSE) -> A | BG69: =VLOOKUP(C69,'Cta Contable'!A:D,4,FALSE) -> Consumo | BH69: =VLOOKUP(Q69,Lista!A:B,2,TRUE) -> 1- 2.500.000 | BI69: =IF(BF69<>"A","Mora","Al día") -> Al día | BJ69: =IF(AND(AO69<>"",AP69<>"A"),"Reestructurado","-") -> -
A70: C | B70: * | C70: 144205 | D70: 3 | E70: 20278 | F70: 44012 | G70: 45843 | H70: 25 | I70: 1 | J70: 7 | K70: 30 | L70: 2 | M70: 21.02 | N70: 23.168139 | O70: 13000000 | P70: 351840 | Q70: 11949222 | R70: 174380 | S70: 0 | T70: 0 | V70: 0 | W70: 0 | X70: 0 | AA70: 44275 | AB70: 1 | AC70: O | AD70: 1 | AE70: 30 | AF70: 5265 | AM70: 1 | AN70: 1 | AO70: 44012 | AP70: A | AQ70: 2613596 | AR70: LINEA CONSUMO | AS70: 1 | AT70: 0 | AW70: 5 | BB70: 1 | BC70: 7 | BD70: 2 | BE70: 44286 | BF70: =VLOOKUP(C70,'Cta Contable'!A:E,5,FALSE) -> A | BG70: =VLOOKUP(C70,'Cta Contable'!A:D,4,FALSE) -> Consumo | BH70: =VLOOKUP(Q70,Lista!A:B,2,TRUE) -> 10.000.001 - 15.000.000 | BI70: =IF(BF70<>"A","Mora","Al día") -> Al día | BJ70: =IF(AND(AO70<>"",AP70<>"A"),"Reestructurado","-") -> -
A71: C | B71: * | C71: 144205 | D71: 4 | E71: 19174 | F71: 43706 | G71: 44382 | H71: 0 | I71: 1 | J71: 18 | K71: 30 | L71: 2 | M71: 23.41 | N71: 26.09253 | O71: 3200000 | P71: 180287 | Q71: 663580 | R71: 12528 | S71: 0 | T71: 0 | V71: 0 | W71: 0 | X71: 0 | AA71: 44256 | AB71: 1 | AC71: O | AD71: 1 | AE71: 30 | AF71: 0 | AM71: 1 | AN71: 1 | AQ71: 808000 | AR71: LINEA CONSUMO | AS71: 0 | AT71: 0 | AW71: 5 | BB71: 1 | BC71: 7 | BD71: 2 | BE71: 44286 | BF71: =VLOOKUP(C71,'Cta Contable'!A:E,5,FALSE) -> A | BG71: =VLOOKUP(C71,'Cta Contable'!A:D,4,FALSE) -> Consumo | BH71: =VLOOKUP(Q71,Lista!A:B,2,TRUE) -> 1- 2.500.000 | BI71: =IF(BF71<>"A","Mora","Al día") -> Al día | BJ71: =IF(AND(AO71<>"",AP71<>"A"),"Reestructurado","-") -> -
A72: C | B72: * | C72: 144205 | D72: 4 | E72: 21003 | F72: 44165 | G72: 45381 | H72: 0 | I72: 1 | J72: 4 | K72: 30 | L72: 2 | M72: 19.32 | N72: 21.126011 | O72: 5000000 | P72: 170510 | Q72: 4629903 | R72: 0 | S72: 0 | T72: 0 | V72: 0 | W72: 0 | X72: 0 | AA72: 44285 | AB72: 1 | AC72: O | AD72: 1 | AE72: 30 | AF72: 0 | AM72: 1 | AN72: 1 | AQ72: 348000 | AR72: LINEA CONSUMO | AS72: 0 | AT72: 0 | AW72: 5 | BB72: 1 | BC72: 7 | BD72: 2 | BE72: 44286 | BF72: =VLOOKUP(C72,'Cta Contable'!A:E,5,FALSE) -> A | BG72: =VLOOKUP(C72,'Cta Contable'!A:D,4,FALSE) -> Consumo | BH72: =VLOOKUP(Q72,Lista!A:B,2,TRUE) -> 2.500.001 - 5.000.000 | BI72: =IF(BF72<>"A","Mora","Al día") -> Al día | BJ72: =IF(AND(AO72<>"",AP72<>"A"),"Reestructurado","-") -> -
A73: C | B73: * | C73: 144105 | D73: 4 | E73: 20299 | F73: 44012 | G73: 45229 | H73: 0 | I73: 1 | J73: 9 | K73: 30 | L73: 2 | M73: 17.42 | N73: 18.880393 | O73: 8000000 | P73: 265063 | Q73: 6534946 | R73: 0 | S73: 0 | T73: 0 | V73: 0 | W73: 0 | X73: 0 | AA73: 44286 | AB73: 1 | AC73: O | AD73: 1 | AE73: 30 | AF73: 0 | AM73: 1 | AN73: 1 | AQ73: 1119000 | AR73: LINEA CONSUMO | AS73: 0 | AT73: 0 | AU73: 1 | AV73: VARIOS - - | AW73: 5 | BB73: 1 | BC73: 7 | BD73: 2 | BE73: 44286 | BF73: =VLOOKUP(C73,'Cta Contable'!A:E,5,FALSE) -> A | BG73: =VLOOKUP(C73,'Cta Contable'!A:D,4,FALSE) -> Consumo | BH73: =VLOOKUP(Q73,Lista!A:B,2,TRUE) -> 5.000.001 - 10.000.000 | BI73: =IF(BF73<>"A","Mora","Al día") -> Al día | BJ73: =IF(AND(AO73<>"",AP73<>"A"),"Reestructurado","-") -> -
A74: C | B74: * | C74: 144205 | D74: 3 | E74: 20154 | F74: 43979 | G74: 45199 | H74: 0 | I74: 1 | J74: 10 | K74: 30 | L74: 2 | M74: 19.320074 | N74: 21.1261 | O74: 5000000 | P74: 170511 | Q74: 4026461 | R74: 2161 | S74: 0 | T74: 0 | V74: 0 | W74: 0 | X74: 0 | AA74: 44284 | AB74: 1 | AC74: O | AD74: 1 | AE74: 30 | AF74: 0 | AM74: 1 | AN74: 1 | AO74: 43979 | AP74: A | AQ74: 623975 | AR74: LINEA CONSUMO | AS74: 1 | AT74: 0 | AW74: 5 | BB74: 1 | BC74: 7 | BD74: 2 | BE74: 44286 | BF74: =VLOOKUP(C74,'Cta Contable'!A:E,5,FALSE) -> A | BG74: =VLOOKUP(C74,'Cta Contable'!A:D,4,FALSE) -> Consumo | BH74: =VLOOKUP(Q74,Lista!A:B,2,TRUE) -> 2.500.001 - 5.000.000 | BI74: =IF(BF74<>"A","Mora","Al día") -> Al día | BJ74: =IF(AND(AO74<>"",AP74<>"A"),"Reestructurado","-") -> -
A75: C | B75: * | C75: 144205 | D75: 3 | E75: 21161 | F75: 44208 | G75: 45442 | H75: 0 | I75: 1 | J75: 2 | K75: 30 | L75: 2 | M75: 21.02 | N75: 23.168139 | O75: 12000000 | P75: 419790 | Q75: 11570245 | R75: 6756 | S75: 0 | T75: 0 | V75: 0 | W75: 0 | X75: 0 | AA75: 44284 | AB75: 1 | AC75: O | AD75: 1 | AE75: 30 | AF75: 0 | AM75: 1 | AN75: 1 | AO75: 44208 | AP75: A | AQ75: 1793025 | AR75: LINEA CONSUMO | AS75: 1 | AT75: 0 | AW75: 5 | BB75: 1 | BC75: 7 | BD75: 2 | BE75: 44286 | BF75: =VLOOKUP(C75,'Cta Contable'!A:E,5,FALSE) -> A | BG75: =VLOOKUP(C75,'Cta Contable'!A:D,4,FALSE) -> Consumo | BH75: =VLOOKUP(Q75,Lista!A:B,2,TRUE) -> 10.000.001 - 15.000.000 | BI75: =IF(BF75<>"A","Mora","Al día") -> Al día | BJ75: =IF(AND(AO75<>"",AP75<>"A"),"Reestructurado","-") -> -
A76: C | B76: * | C76: 144205 | D76: 4 | E76: 20275 | F76: 44012 | G76: 45047 | H76: 0 | I76: 1 | J76: 8 | K76: 30 | L76: 2 | M76: 21.02 | N76: 23.168139 | O76: 10000000 | P76: 392838 | Q76: 8148047 | R76: 137153 | S76: 0 | T76: 0 | V76: 0 | W76: 0 | X76: 0 | AA76: 44258 | AB76: 1 | AC76: O | AD76: 1 | AE76: 30 | AF76: 0 | AM76: 1 | AN76: 1 | AQ76: 1741000 | AR76: LINEA CONSUMO | AS76: 0 | AT76: 0 | AW76: 5 | BB76: 1 | BC76: 7 | BD76: 2 | BE76: 44286 | BF76: =VLOOKUP(C76,'Cta Contable'!A:E,5,FALSE) -> A | BG76: =VLOOKUP(C76,'Cta Contable'!A:D,4,FALSE) -> Consumo | BH76: =VLOOKUP(Q76,Lista!A:B,2,TRUE) -> 5.000.001 - 10.000.000 | BI76: =IF(BF76<>"A","Mora","Al día") -> Al día | BJ76: =IF(AND(AO76<>"",AP76<>"A"),"Reestructurado","-") -> -
A77: C | B77: * | C77: 144205 | D77: 4 | E77: 20409 | F77: 44042 | G77: 44407 | H77: 0 | I77: 1 | J77: 8 | K77: 30 | L77: 2 | M77: 17.42 | N77: 18.880393 | O77: 1200000 | P77: 109685 | Q77: 420685 | R77: 0 | S77: 0 | T77: 0 | V77: 0 | W77: 0 | X77: 0 | AA77: 44286 | AB77: 1 | AC77: O | AD77: 1 | AE77: 30 | AF77: 0 | AM77: 1 | AN77: 1 | AQ77: 825000 | AR77: LINEA CONSUMO | AS77: 0 | AT77: 0 | AW77: 5 | BB77: 1 | BC77: 7 | BD77: 2 | BE77: 44286 | BF77: =VLOOKUP(C77,'Cta Contable'!A:E,5,FALSE) -> A | BG77: =VLOOKUP(C77,'Cta Contable'!A:D,4,FALSE) -> Consumo | BH77: =VLOOKUP(Q77,Lista!A:B,2,TRUE) -> 1- 2.500.000 | BI77: =IF(BF77<>"A","Mora","Al día") -> Al día | BJ77: =IF(AND(AO77<>"",AP77<>"A"),"Reestructurado","-") -> -
A78: C | B78: * | C78: 144205 | D78: 4 | E78: 18765 | F78: 44013 | G78: 45078 | H78: 0 | I78: 1 | J78: 25 | K78: 30 | L78: 2 | M78: 17.37 | N78: 18.821817 | O78: 16262214 | P78: 595513 | Q78: 5145284 | R78: 67041 | S78: 0 | T78: 0 | V78: 0 | W78: 0 | X78: 0 | AA78: 44258 | AB78: 1 | AC78: O | AD78: 1 | AE78: 30 | AF78: 0 | AM78: 1 | AN78: 1 | AQ78: 1678000 | AR78: LINEA CONSUMO | AS78: 0 | AT78: 0 | AW78: 1 | AX78: 2 | AY78: 44013 | AZ78: A | BB78: 1 | BC78: 7 | BD78: 2 | BE78: 44286 | BF78: =VLOOKUP(C78,'Cta Contable'!A:E,5,FALSE) -> A | BG78: =VLOOKUP(C78,'Cta Contable'!A:D,4,FALSE) -> Consumo | BH78: =VLOOKUP(Q78,Lista!A:B,2,TRUE) -> 5.000.001 - 10.000.000 | BI78: =IF(BF78<>"A","Mora","Al día") -> Al día | BJ78: =IF(AND(AO78<>"",AP78<>"A"),"Reestructurado","-") -> -
A79: C | B79: * | C79: 144205 | D79: 4 | E79: 15978 | F79: 44013 | G79: 44457 | H79: 12 | I79: 1 | J79: 7 | K79: 30 | L79: 2 | M79: 20.900004 | N79: 23.022965 | O79: 8071671 | P79: 654674 | Q79: 4279178 | R79: 65064 | S79: 0 | T79: 0 | V79: 0 | W79: 0 | X79: 0 | AA79: 44259 | AB79: 1 | AC79: O | AD79: 1 | AE79: 30 | AF79: 579881 | AM79: 1 | AN79: 1 | AQ79: 1191239 | AR79: LINEA CONSUMO | AS79: 0 | AT79: 0 | AW79: 1 | AX79: 2 | AY79: 44013 | AZ79: A | BB79: 1 | BC79: 7 | BD79: 2 | BE79: 44286 | BF79: =VLOOKUP(C79,'Cta Contable'!A:E,5,FALSE) -> A | BG79: =VLOOKUP(C79,'Cta Contable'!A:D,4,FALSE) -> Consumo | BH79: =VLOOKUP(Q79,Lista!A:B,2,TRUE) -> 2.500.001 - 5.000.000 | BI79: =IF(BF79<>"A","Mora","Al día") -> Al día | BJ79: =IF(AND(AO79<>"",AP79<>"A"),"Reestructurado","-") -> -
A80: C | B80: * | C80: 144205 | D80: 4 | E80: 21187 | F80: 44210 | G80: 44650 | H80: 0 | I80: 1 | J80: 5 | K80: 30 | L80: 2 | M80: 11.420004 | N80: 12.03712 | O80: 1500000 | P80: 114947 | Q80: 936424 | R80: 10692 | S80: 0 | T80: 0 | V80: 0 | W80: 0 | X80: 0 | AA80: 44251 | AB80: 1 | AC80: O | AD80: 1 | AE80: 30 | AF80: 0 | AM80: 1 | AN80: 1 | AQ80: 1794000 | AR80: LINEA CONSUMO | AS80: 0 | AT80: 0 | AW80: 5 | BB80: 1 | BC80: 7 | BD80: 2 | BE80: 44286 | BF80: =VLOOKUP(C80,'Cta Contable'!A:E,5,FALSE) -> A | BG80: =VLOOKUP(C80,'Cta Contable'!A:D,4,FALSE) -> Consumo | BH80: =VLOOKUP(Q80,Lista!A:B,2,TRUE) -> 1- 2.500.000 | BI80: =IF(BF80<>"A","Mora","Al día") -> Al día | BJ80: =IF(AND(AO80<>"",AP80<>"A"),"Reestructurado","-") -> -
A81: C | B81: * | C81: 144205 | D81: 4 | E81: 19776 | F81: 43847 | G81: 45047 | H81: 0 | I81: 1 | J81: 13 | K81: 30 | L81: 2 | M81: 23.38 | N81: 26.055431 | O81: 19900000 | P81: 733158 | Q81: 14834487 | R81: 279386 | S81: 0 | T81: 0 | V81: 0 | W81: 0 | X81: 0 | AA81: 44256 | AB81: 1 | AC81: O | AD81: 1 | AE81: 30 | AF81: 0 | AM81: 1 | AN81: 1 | AQ81: 869000 | AR81: LINEA CONSUMO | AS81: 0 | AT81: 0 | AW81: 5 | BB81: 1 | BC81: 7 | BD81: 2 | BE81: 44286 | BF81: =VLOOKUP(C81,'Cta Contable'!A:E,5,FALSE) -> A | BG81: =VLOOKUP(C81,'Cta Contable'!A:D,4,FALSE) -> Consumo | BH81: =VLOOKUP(Q81,Lista!A:B,2,TRUE) -> 10.000.001 - 15.000.000 | BI81: =IF(BF81<>"A","Mora","Al día") -> Al día | BJ81: =IF(AND(AO81<>"",AP81<>"A"),"Reestructurado","-") -> -
A82: C | B82: * | C82: 144205 | D82: 4 | E82: 16869 | F82: 43244 | G82: 44350 | H82: 0 | I82: 1 | J82: 33 | K82: 30 | L82: 2 | M82: 20.34 | N82: 22.347531 | O82: 4580000 | P82: 171004 | Q82: 490446 | R82: 0 | S82: 0 | T82: 0 | V82: 0 | W82: 0 | X82: 0 | AA82: 44285 | AB82: 1 | AC82: O | AD82: 1 | AE82: 30 | AF82: 0 | AM82: 1 | AN82: 1 | AQ82: 452542 | AR82: LINEA CONSUMO | AS82: 0 | AT82: 0 | AW82: 5 | BB82: 1 | BC82: 7 | BD82: 2 | BE82: 44286 | BF82: =VLOOKUP(C82,'Cta Contable'!A:E,5,FALSE) -> A | BG82: =VLOOKUP(C82,'Cta Contable'!A:D,4,FALSE) -> Consumo | BH82: =VLOOKUP(Q82,Lista!A:B,2,TRUE) -> 1- 2.500.000 | BI82: =IF(BF82<>"A","Mora","Al día") -> Al día | BJ82: =IF(AND(AO82<>"",AP82<>"A"),"Reestructurado","-") -> -
A83: C | B83: * | C83: 144205 | D83: 4 | E83: 20254 | F83: 44007 | G83: 44316 | H83: 0 | I83: 1 | J83: 9 | K83: 30 | L83: 2 | M83: 11.42 | N83: 12.037116 | O83: 750000 | P83: 78981 | Q83: 78005 | R83: 25 | S83: 0 | T83: 0 | V83: 0 | W83: 0 | X83: 0 | AA83: 44284 | AB83: 1 | AC83: O | AD83: 1 | AE83: 30 | AF83: 0 | AM83: 1 | AN83: 1 | AQ83: 1098000 | AR83: LINEA CONSUMO | AS83: 0 | AT83: 0 | AW83: 5 | BB83: 1 | BC83: 7 | BD83: 2 | BE83: 44286 | BF83: =VLOOKUP(C83,'Cta Contable'!A:E,5,FALSE) -> A | BG83: =VLOOKUP(C83,'Cta Contable'!A:D,4,FALSE) -> Consumo | BH83: =VLOOKUP(Q83,Lista!A:B,2,TRUE) -> 1- 2.500.000 | BI83: =IF(BF83<>"A","Mora","Al día") -> Al día | BJ83: =IF(AND(AO83<>"",AP83<>"A"),"Reestructurado","-") -> -
A84: C | B84: * | C84: 144205 | D84: 3 | E84: 20787 | F84: 44126 | G84: 44941 | H84: 0 | I84: 1 | J84: 5 | K84: 30 | L84: 2 | M84: 11.42 | N84: 12.037116 | O84: 2700000 | P84: 117714 | Q84: 2208280 | R84: 7010 | S84: 0 | T84: 0 | V84: 0 | W84: 0 | X84: 0 | AA84: 44275 | AB84: 1 | AC84: O | AD84: 1 | AE84: 30 | AF84: 0 | AM84: 1 | AN84: 1 | AO84: 44126 | AP84: A | AQ84: 2921500 | AR84: LINEA CONSUMO | AS84: 1 | AT84: 0 | AW84: 5 | BB84: 1 | BC84: 7 | BD84: 2 | BE84: 44286 | BF84: =VLOOKUP(C84,'Cta Contable'!A:E,5,FALSE) -> A | BG84: =VLOOKUP(C84,'Cta Contable'!A:D,4,FALSE) -> Consumo | BH84: =VLOOKUP(Q84,Lista!A:B,2,TRUE) -> 1- 2.500.000 | BI84: =IF(BF84<>"A","Mora","Al día") -> Al día | BJ84: =IF(AND(AO84<>"",AP84<>"A"),"Reestructurado","-") -> -
A85: C | B85: * | C85: 144205 | D85: 3 | E85: 20977 | F85: 44162 | G85: 45092 | H85: 0 | I85: 1 | J85: 3 | K85: 30 | L85: 2 | M85: 21.02 | N85: 23.168139 | O85: 6000000 | P85: 258839 | Q85: 5528899 | R85: 48420 | S85: 0 | T85: 0 | V85: 0 | W85: 0 | X85: 0 | AA85: 44270 | AB85: 1 | AC85: O | AD85: 1 | AE85: 30 | AF85: 0 | AM85: 1 | AN85: 1 | AO85: 44162 | AP85: A | AQ85: 1118000 | AR85: LINEA CONSUMO | AS85: 1 | AT85: 0 | AW85: 5 | BB85: 1 | BC85: 7 | BD85: 2 | BE85: 44286 | BF85: =VLOOKUP(C85,'Cta Contable'!A:E,5,FALSE) -> A | BG85: =VLOOKUP(C85,'Cta Contable'!A:D,4,FALSE) -> Consumo | BH85: =VLOOKUP(Q85,Lista!A:B,2,TRUE) -> 5.000.001 - 10.000.000 | BI85: =IF(BF85<>"A","Mora","Al día") -> Al día | BJ85: =IF(AND(AO85<>"",AP85<>"A"),"Reestructurado","-") -> -
A86: C | B86: * | C86: 144205 | D86: 4 | E86: 18863 | F86: 44013 | G86: 45242 | H86: 18 | I86: 1 | J86: 7 | K86: 30 | L86: 2 | M86: 23.39 | N86: 26.067797 | O86: 26707867 | P86: 967643 | Q86: 23389376 | R86: 719383 | S86: 0 | T86: 0 | V86: 0 | W86: 0 | X86: 0 | AA86: 44286 | AB86: 1 | AC86: O | AD86: 1 | AE86: 30 | AF86: 511747 | AM86: 1 | AN86: 1 | AQ86: 458940 | AR86: LINEA CONSUMO | AS86: 0 | AT86: 0 | AW86: 1 | AX86: 2 | AY86: 44013 | AZ86: A | BB86: 1 | BC86: 7 | BD86: 2 | BE86: 44286 | BF86: =VLOOKUP(C86,'Cta Contable'!A:E,5,FALSE) -> A | BG86: =VLOOKUP(C86,'Cta Contable'!A:D,4,FALSE) -> Consumo | BH86: =VLOOKUP(Q86,Lista!A:B,2,TRUE) -> 20.000.001 - 63.000.000 | BI86: =IF(BF86<>"A","Mora","Al día") -> Al día | BJ86: =IF(AND(AO86<>"",AP86<>"A"),"Reestructurado","-") -> -
A87: C | B87: * | C87: 144205 | D87: 4 | E87: 21091 | F87: 44188 | G87: 44576 | H87: 0 | I87: 1 | J87: 3 | K87: 30 | L87: 2 | M87: 11.42 | N87: 12.037116 | O87: 1000000 | P87: 88578 | Q87: 756024 | R87: 0 | S87: 0 | T87: 0 | V87: 0 | W87: 0 | X87: 0 | AA87: 44286 | AB87: 1 | AC87: O | AD87: 1 | AE87: 30 | AF87: 0 | AM87: 1 | AN87: 1 | AQ87: 3200000 | AR87: LINEA CONSUMO | AS87: 0 | AT87: 0 | AW87: 5 | BB87: 1 | BC87: 7 | BD87: 2 | BE87: 44286 | BF87: =VLOOKUP(C87,'Cta Contable'!A:E,5,FALSE) -> A | BG87: =VLOOKUP(C87,'Cta Contable'!A:D,4,FALSE) -> Consumo | BH87: =VLOOKUP(Q87,Lista!A:B,2,TRUE) -> 1- 2.500.000 | BI87: =IF(BF87<>"A","Mora","Al día") -> Al día | BJ87: =IF(AND(AO87<>"",AP87<>"A"),"Reestructurado","-") -> -
A88: C | B88: * | C88: 144205 | D88: 4 | E88: 20052 | F88: 43903 | G88: 44357 | H88: 20 | I88: 1 | J88: 10 | K88: 30 | L88: 2 | M88: 11.32 | N88: 11.926185 | O88: 1500000 | P88: 114877 | Q88: 448878 | R88: 7282 | S88: 0 | T88: 0 | V88: 0 | W88: 0 | X88: 0 | AA88: 44244 | AB88: 1 | AC88: O | AD88: 1 | AE88: 30 | AF88: 110648 | AM88: 1 | AN88: 1 | AQ88: 1511000 | AR88: LINEA CONSUMO | AS88: 0 | AT88: 0 | AW88: 5 | BB88: 1 | BC88: 7 | BD88: 2 | BE88: 44286 | BF88: =VLOOKUP(C88,'Cta Contable'!A:E,5,FALSE) -> A | BG88: =VLOOKUP(C88,'Cta Contable'!A:D,4,FALSE) -> Consumo | BH88: =VLOOKUP(Q88,Lista!A:B,2,TRUE) -> 1- 2.500.000 | BI88: =IF(BF88<>"A","Mora","Al día") -> Al día | BJ88: =IF(AND(AO88<>"",AP88<>"A"),"Reestructurado","-") -> -
A89: C | B89: * | C89: 144205 | D89: 4 | E89: 19440 | F89: 43767 | G89: 44387 | H89: 0 | I89: 1 | J89: 16 | K89: 30 | L89: 2 | M89: 12.33 | N89: 13.051225 | O89: 2540000 | P89: 141145 | Q89: 544787 | R89: 4114 | S89: 0 | T89: 0 | V89: 0 | W89: 0 | X89: 0 | AA89: 44263 | AB89: 1 | AC89: O | AD89: 1 | AE89: 30 | AF89: 0 | AM89: 1 | AN89: 1 | AQ89: 1914400 | AR89: LINEA CONSUMO | AS89: 0 | AT89: 0 | AW89: 5 | BB89: 1 | BC89: 7 | BD89: 2 | BE89: 44286 | BF89: =VLOOKUP(C89,'Cta Contable'!A:E,5,FALSE) -> A | BG89: =VLOOKUP(C89,'Cta Contable'!A:D,4,FALSE) -> Consumo | BH89: =VLOOKUP(Q89,Lista!A:B,2,TRUE) -> 1- 2.500.000 | BI89: =IF(BF89<>"A","Mora","Al día") -> Al día | BJ89: =IF(AND(AO89<>"",AP89<>"A"),"Reestructurado","-") -> -
A90: C | B90: * | C90: 144205 | D90: 4 | E90: 21475 | F90: 44279 | G90: 45168 | H90: 0 | I90: 1 | J90: 0 | K90: 30 | L90: 2 | M90: 21.02 | N90: 23.168139 | O90: 8500000 | P90: 376331 | Q90: 8500000 | R90: 0 | S90: 0 | T90: 0 | V90: 0 | W90: 0 | X90: 0 | AA90: 44285 | AB90: 1 | AC90: O | AD90: 1 | AE90: 30 | AF90: 0 | AM90: 1 | AN90: 1 | AQ90: 1064000 | AR90: LINEA CONSUMO | AS90: 0 | AT90: 0 | AW90: 5 | BB90: 1 | BC90: 7 | BD90: 2 | BE90: 44286 | BF90: =VLOOKUP(C90,'Cta Contable'!A:E,5,FALSE) -> A | BG90: =VLOOKUP(C90,'Cta Contable'!A:D,4,FALSE) -> Consumo | BH90: =VLOOKUP(Q90,Lista!A:B,2,TRUE) -> 5.000.001 - 10.000.000 | BI90: =IF(BF90<>"A","Mora","Al día") -> Al día | BJ90: =IF(AND(AO90<>"",AP90<>"A"),"Reestructurado","-") -> -
A91: C | B91: * | C91: 144205 | D91: 4 | E91: 18303 | F91: 43524 | G91: 44717 | H91: 0 | I91: 1 | J91: 24 | K91: 30 | L91: 2 | M91: 17.43 | N91: 18.892112 | O91: 19900000 | P91: 671953 | Q91: 8998504 | R91: 108732 | S91: 0 | T91: 0 | V91: 0 | W91: 0 | X91: 0 | AA91: 44286 | AB91: 1 | AC91: O | AD91: 1 | AE91: 30 | AF91: 0 | AM91: 1 | AN91: 1 | AQ91: 342000 | AR91: LINEA CONSUMO | AS91: 0 | AT91: 0 | AW91: 5 | BB91: 1 | BC91: 7 | BD91: 2 | BE91: 44286 | BF91: =VLOOKUP(C91,'Cta Contable'!A:E,5,FALSE) -> A | BG91: =VLOOKUP(C91,'Cta Contable'!A:D,4,FALSE) -> Consumo | BH91: =VLOOKUP(Q91,Lista!A:B,2,TRUE) -> 5.000.001 - 10.000.000 | BI91: =IF(BF91<>"A","Mora","Al día") -> Al día | BJ91: =IF(AND(AO91<>"",AP91<>"A"),"Reestructurado","-") -> -
A92: C | B92: * | C92: 144205 | D92: 4 | E92: 18796 | F92: 44013 | G92: 45173 | H92: 26 | I92: 1 | J92: 7 | K92: 30 | L92: 2 | M92: 17.39 | N92: 18.845244 | O92: 22286676 | P92: 766859 | Q92: 18553783 | R92: 233014 | S92: 0 | T92: 0 | V92: 0 | W92: 0 | X92: 0 | AA92: 44271 | AB92: 1 | AC92: O | AD92: 1 | AE92: 30 | AF92: 3626 | AM92: 1 | AN92: 1 | AQ92: 1467000 | AR92: LINEA CONSUMO | AS92: 0 | AT92: 0 | AW92: 1 | AX92: 2 | AY92: 44013 | AZ92: A | BB92: 1 | BC92: 7 | BD92: 2 | BE92: 44286 | BF92: =VLOOKUP(C92,'Cta Contable'!A:E,5,FALSE) -> A | BG92: =VLOOKUP(C92,'Cta Contable'!A:D,4,FALSE) -> Consumo | BH92: =VLOOKUP(Q92,Lista!A:B,2,TRUE) -> 15.000.001 - 20.000.000 | BI92: =IF(BF92<>"A","Mora","Al día") -> Al día | BJ92: =IF(AND(AO92<>"",AP92<>"A"),"Reestructurado","-") -> -
A93: C | B93: * | C93: 144205 | D93: 4 | E93: 20580 | F93: 44088 | G93: 44454 | H93: 0 | I93: 1 | J93: 6 | K93: 30 | L93: 2 | M93: 11.42 | N93: 12.037116 | O93: 1000000 | P93: 88578 | Q93: 512818 | R93: 1467 | S93: 0 | T93: 0 | V93: 0 | W93: 0 | X93: 0 | AA93: 44276 | AB93: 1 | AC93: O | AD93: 1 | AE93: 30 | AF93: 0 | AM93: 1 | AN93: 1 | AQ93: 1725000 | AR93: LINEA CONSUMO | AS93: 0 | AT93: 0 | AW93: 5 | BB93: 1 | BC93: 7 | BD93: 2 | BE93: 44286 | BF93: =VLOOKUP(C93,'Cta Contable'!A:E,5,FALSE) -> A | BG93: =VLOOKUP(C93,'Cta Contable'!A:D,4,FALSE) -> Consumo | BH93: =VLOOKUP(Q93,Lista!A:B,2,TRUE) -> 1- 2.500.000 | BI93: =IF(BF93<>"A","Mora","Al día") -> Al día | BJ93: =IF(AND(AO93<>"",AP93<>"A"),"Reestructurado","-") -> -
A94: C | B94: * | C94: 144205 | D94: 4 | E94: 21210 | F94: 44215 | G94: 44962 | H94: 25 | I94: 1 | J94: 0 | K94: 30 | L94: 2 | M94: 21.02 | N94: 23.168139 | O94: 5000000 | P94: 256977 | Q94: 4831451 | R94: 70542 | S94: 0 | T94: 0 | V94: 0 | W94: 0 | X94: 0 | AA94: 44268 | AB94: 1 | AC94: O | AD94: 1 | AE94: 30 | AF94: 852 | AM94: 1 | AN94: 1 | AQ94: 2270000 | AR94: LINEA CONSUMO | AS94: 0 | AT94: 0 | AW94: 5 | BB94: 1 | BC94: 7 | BD94: 2 | BE94: 44286 | BF94: =VLOOKUP(C94,'Cta Contable'!A:E,5,FALSE) -> A | BG94: =VLOOKUP(C94,'Cta Contable'!A:D,4,FALSE) -> Consumo | BH94: =VLOOKUP(Q94,Lista!A:B,2,TRUE) -> 2.500.001 - 5.000.000 | BI94: =IF(BF94<>"A","Mora","Al día") -> Al día | BJ94: =IF(AND(AO94<>"",AP94<>"A"),"Reestructurado","-") -> -
A95: C | B95: * | C95: 144205 | D95: 3 | E95: 20385 | F95: 44042 | G95: 45412 | H95: 0 | I95: 1 | J95: 8 | K95: 30 | L95: 2 | M95: 21.02 | N95: 23.168139 | O95: 24000000 | P95: 775292 | Q95: 20962090 | R95: 12240 | S95: 0 | T95: 0 | V95: 0 | W95: 0 | X95: 0 | AA95: 44284 | AB95: 1 | AC95: O | AD95: 1 | AE95: 30 | AF95: 0 | AM95: 1 | AN95: 1 | AO95: 44042 | AP95: A | AQ95: 1115000 | AR95: LINEA CONSUMO | AS95: 1 | AT95: 0 | AW95: 5 | BB95: 1 | BC95: 7 | BD95: 2 | BE95: 44286 | BF95: =VLOOKUP(C95,'Cta Contable'!A:E,5,FALSE) -> A | BG95: =VLOOKUP(C95,'Cta Contable'!A:D,4,FALSE) -> Consumo | BH95: =VLOOKUP(Q95,Lista!A:B,2,TRUE) -> 20.000.001 - 63.000.000 | BI95: =IF(BF95<>"A","Mora","Al día") -> Al día | BJ95: =IF(AND(AO95<>"",AP95<>"A"),"Reestructurado","-") -> -
A96: C | B96: * | C96: 144205 | D96: 4 | E96: 20354 | F96: 44035 | G96: 45275 | H96: 0 | I96: 1 | J96: 7 | K96: 30 | L96: 2 | M96: 19.320074 | N96: 21.1261 | O96: 5000000 | P96: 170511 | Q96: 4330555 | R96: 37184 | S96: 0 | T96: 0 | V96: 0 | W96: 0 | X96: 0 | AA96: 44269 | AB96: 1 | AC96: O | AD96: 1 | AE96: 30 | AF96: 0 | AM96: 1 | AN96: 1 | AQ96: 1459000 | AR96: LINEA CONSUMO | AS96: 0 | AT96: 0 | AW96: 5 | BB96: 1 | BC96: 7 | BD96: 2 | BE96: 44286 | BF96: =VLOOKUP(C96,'Cta Contable'!A:E,5,FALSE) -> A | BG96: =VLOOKUP(C96,'Cta Contable'!A:D,4,FALSE) -> Consumo | BH96: =VLOOKUP(Q96,Lista!A:B,2,TRUE) -> 2.500.001 - 5.000.000 | BI96: =IF(BF96<>"A","Mora","Al día") -> Al día | BJ96: =IF(AND(AO96<>"",AP96<>"A"),"Reestructurado","-") -> -
A97: C | B97: * | C97: 144205 | D97: 4 | E97: 19802 | F97: 44013 | G97: 44571 | H97: 0 | I97: 1 | J97: 9 | K97: 30 | L97: 2 | M97: 12.38 | N97: 13.107189 | O97: 2588304 | P97: 158297 | Q97: 1281569 | R97: 8379 | S97: 0 | T97: 0 | V97: 0 | W97: 0 | X97: 0 | AA97: 44266 | AB97: 1 | AC97: O | AD97: 1 | AE97: 30 | AF97: 0 | AM97: 1 | AN97: 1 | AQ97: 2436500 | AR97: LINEA CONSUMO | AS97: 0 | AT97: 0 | AW97: 1 | AX97: 2 | AY97: 44013 | AZ97: A | BB97: 1 | BC97: 7 | BD97: 2 | BE97: 44286 | BF97: =VLOOKUP(C97,'Cta Contable'!A:E,5,FALSE) -> A | BG97: =VLOOKUP(C97,'Cta Contable'!A:D,4,FALSE) -> Consumo | BH97: =VLOOKUP(Q97,Lista!A:B,2,TRUE) -> 1- 2.500.000 | BI97: =IF(BF97<>"A","Mora","Al día") -> Al día | BJ97: =IF(AND(AO97<>"",AP97<>"A"),"Reestructurado","-") -> -
A98: C | B98: * | C98: 144205 | D98: 4 | E98: 19956 | F98: 44013 | G98: 45127 | H98: 0 | I98: 1 | J98: 8 | K98: 30 | L98: 2 | M98: 17.47 | N98: 18.938996 | O98: 15000000 | P98: 538306 | Q98: 12299229 | R98: 59690 | S98: 0 | T98: 0 | V98: 0 | W98: 0 | X98: 0 | AA98: 44286 | AB98: 1 | AC98: O | AD98: 1 | AE98: 30 | AF98: 0 | AM98: 1 | AN98: 1 | AQ98: 1485834 | AR98: LINEA CONSUMO | AS98: 0 | AT98: 0 | AW98: 1 | AX98: 1 | AY98: 44013 | AZ98: A | BB98: 1 | BC98: 7 | BD98: 2 | BE98: 44286 | BF98: =VLOOKUP(C98,'Cta Contable'!A:E,5,FALSE) -> A | BG98: =VLOOKUP(C98,'Cta Contable'!A:D,4,FALSE) -> Consumo | BH98: =VLOOKUP(Q98,Lista!A:B,2,TRUE) -> 10.000.001 - 15.000.000 | BI98: =IF(BF98<>"A","Mora","Al día") -> Al día | BJ98: =IF(AND(AO98<>"",AP98<>"A"),"Reestructurado","-") -> -
A99: C | B99: * | C99: 144205 | D99: 4 | E99: 21064 | F99: 44180 | G99: 44560 | H99: 0 | I99: 1 | J99: 3 | K99: 30 | L99: 2 | M99: 11.42 | N99: 12.037116 | O99: 1000000 | P99: 88578 | Q99: 754640 | R99: 3346 | S99: 0 | T99: 0 | V99: 0 | W99: 0 | X99: 0 | AA99: 44271 | AB99: 1 | AC99: O | AD99: 1 | AE99: 30 | AF99: 0 | AM99: 1 | AN99: 1 | AQ99: 91166 | AR99: LINEA CONSUMO | AS99: 0 | AT99: 0 | AW99: 5 | BB99: 1 | BC99: 7 | BD99: 2 | BE99: 44286 | BF99: =VLOOKUP(C99,'Cta Contable'!A:E,5,FALSE) -> A | BG99: =VLOOKUP(C99,'Cta Contable'!A:D,4,FALSE) -> Consumo | BH99: =VLOOKUP(Q99,Lista!A:B,2,TRUE) -> 1- 2.500.000 | BI99: =IF(BF99<>"A","Mora","Al día") -> Al día | BJ99: =IF(AND(AO99<>"",AP99<>"A"),"Reestructurado","-") -> -
A100: C | B100: * | C100: 141205 | D100: 3 | E100: 20658 | F100: 44104 | G100: 45807 | H100: 0 | I100: 1 | J100: 30 | K100: 30 | L100: 2 | M100: 19.32 | N100: 21.126011 | O100: 29900000 | P100: 814321 | Q100: 16887485 | R100: 0 | S100: 0 | T100: 30000000 | V100: 0 | W100: 0 | X100: 0 | AA100: 44285 | AB100: 7 | AC100: O | AD100: 1 | AE100: 30 | AF100: 0 | AM100: 1 | AN100: 1 | AO100: 44104 | AP100: A | AQ100: 2469000 | AR100: LINEA CONSUMO | AS100: 1 | AT100: 0 | AW100: 5 | BB100: 1 | BC100: 7 | BD100: 2 | BE100: 44286 | BF100: =VLOOKUP(C100,'Cta Contable'!A:E,5,FALSE) -> A | BG100: =VLOOKUP(C100,'Cta Contable'!A:D,4,FALSE) -> Consumo | BH100: =VLOOKUP(Q100,Lista!A:B,2,TRUE) -> 15.000.001 - 20.000.000 | BI100: =IF(BF100<>"A","Mora","Al día") -> Al día | BJ100: =IF(AND(AO100<>"",AP100<>"A"),"Reestructurado","-") -> -
...

Sheet Lista
A1: Rango de Saldos
A2: 1 | B2: 1- 2.500.000
A3: 2500001 | B3: 2.500.001 - 5.000.000
A4: 5000001 | B4: 5.000.001 - 10.000.000
A5: 10000001 | B5: 10.000.001 - 15.000.000
A6: 15000001 | B6: 15.000.001 - 20.000.000
A7: 20000001 | B7: 20.000.001 - 63.000.000
A8: 63000001 | B8: > 63.000.000
